Workbook

Sheet Resources
C1: Aspirations Online Resources list
C2: A teacher-curated bank of high quality, age-appropriate online PD resources for students—from wellbeing support to skills development to careers inspiration
C5: This resource list has been put together by East Learning, with inputs from our partner schools. We run the Aspirations programme, which helps schools collect data on their students' interests, needs and ambitions and easily convert that into tailored careers, wellbeing, extra-curricular and PSHE programmes that fit. You can find out more on our website, eastlearning.co.uk. If you'd like to know more—or if you have suggestions for resources to add to this list—please get in touch on support@eastlearning.co.uk
C7: Filter by….
C8: Age | D8: Any | F8: Resource Type | G8: Any | I8: Topic | J8: Any
C9: Cost | D9: Any | F9: Development Area | G9: Any
C11: Name | D11: Publisher | E11: Description | H11: Age groups | I11: Resource Type | J11: Development Area | K11: Topic
A12: 1 | C12: =IFERROR(HYPERLINK(INDEX(Data!D$3:D$172,MATCH($A12,Data!$A$3:$A$172,0)),INDEX(Data!C$3:C$172,MATCH($A12,Data!$A$3:$A$172,0))),"") -> 10 Alternative Science Careers | D12: {=IFERROR(INDEX(Data!B$3:B$172,MATCH($A12,Data!$A$3:$A$172,0)),"")} -> Graduate Prospects Ltd | E12: =IFERROR(INDEX(Data!E$3:E$172,MATCH($A12,Data!$A$3:$A$172,0)),"Help us improve! If you couldn't find what you're looking for, please send us an email on Support@eastlearning.co.uk and let us know what we're missing.") -> List of some science careers outside of scientific research and healthcare, such as Communication and Outreach, Patent law, Scientific Publishing, and more. | H12: {=IFERROR(INDEX(Data!G$3:G$172,MATCH($A12,Data!$A$3:$A$172,0)),"")} -> KS4; KS5 | I12: {=IFERROR(INDEX(Data!F$3:F$172,MATCH($A12,Data!$A$3:$A$172,0)),"")} -> Article; Search Tool | J12: =IFERROR(INDEX(Data!H$3:H$172,MATCH($A12,Data!$A$3:$A$172,0)),"") -> Career Option | K12: =IFERROR(INDEX(Data!I$3:I$172,MATCH($A12,Data!$A$3:$A$172,0)),"") -> Science and pharmaceuticals
A13: 2 | C13: =IFERROR(HYPERLINK(INDEX(Data!D$3:D$172,MATCH($A13,Data!$A$3:$A$172,0)),INDEX(Data!C$3:C$172,MATCH($A13,Data!$A$3:$A$172,0))),"") -> 11 Practical Ways to Stop Procrastination | D13: {=IFERROR(INDEX(Data!B$3:B$172,MATCH($A13,Data!$A$3:$A$172,0)),"")} -> Lifehack | E13: {=IFERROR(INDEX(Data!E$3:E$172,MATCH($A13,Data!$A$3:$A$172,0)),"")} -> Article suggesting some methods for stopping procrastination, for people who find it hard to start - or stick at - important activities | H13: {=IFERROR(INDEX(Data!G$3:G$172,MATCH($A13,Data!$A$3:$A$172,0)),"")} -> KS4; KS5 | I13: {=IFERROR(INDEX(Data!F$3:F$172,MATCH($A13,Data!$A$3:$A$172,0)),"")} -> Article | J13: =IFERROR(INDEX(Data!H$3:H$172,MATCH($A13,Data!$A$3:$A$172,0)),"") -> Characteristic; Skill | K13: =IFERROR(INDEX(Data!I$3:I$172,MATCH($A13,Data!$A$3:$A$172,0)),"") -> Academic; Organisation; Self-development
A14: 3 | C14: =IFERROR(HYPERLINK(INDEX(Data!D$3:D$172,MATCH($A14,Data!$A$3:$A$172,0)),INDEX(Data!C$3:C$172,MATCH($A14,Data!$A$3:$A$172,0))),"") -> Animal Care Careers | D14: {=IFERROR(INDEX(Data!B$3:B$172,MATCH($A14,Data!$A$3:$A$172,0)),"")} -> National Careers Service | E14: {=IFERROR(INDEX(Data!E$3:E$172,MATCH($A14,Data!$A$3:$A$172,0)),"")} -> Learn about the different career options in Animal Care, and how to get into them | H14: {=IFERROR(INDEX(Data!G$3:G$172,MATCH($A14,Data!$A$3:$A$172,0)),"")} -> KS3; KS4; KS5 | I14: {=IFERROR(INDEX(Data!F$3:F$172,MATCH($A14,Data!$A$3:$A$172,0)),"")} -> Article; Search Tool | J14: =IFERROR(INDEX(Data!H$3:H$172,MATCH($A14,Data!$A$3:$A$172,0)),"") -> Career Option | K14: =IFERROR(INDEX(Data!I$3:I$172,MATCH($A14,Data!$A$3:$A$172,0)),"") -> Animal Care
A15: 4 | C15: =IFERROR(HYPERLINK(INDEX(Data!D$3:D$172,MATCH($A15,Data!$A$3:$A$172,0)),INDEX(Data!C$3:C$172,MATCH($A15,Data!$A$3:$A$172,0))),"") -> Anna Freud - On My Mind | D15: {=IFERROR(INDEX(Data!B$3:B$172,MATCH($A15,Data!$A$3:$A$172,0)),"")} -> Anna Freud Centre | E15: {=IFERROR(INDEX(Data!E$3:E$172,MATCH($A15,Data!$A$3:$A$172,0)),"")} -> On My Mind is co-produced by young people to help other young people through a list of services which offer wellbeing support or urgent help. It also offers information about helping others with mental and emotional health and wellbeing, strategies for self-care, and more. | H15: {=IFERROR(INDEX(Data!G$3:G$172,MATCH($A15,Data!$A$3:$A$172,0)),"")} -> KS2; KS3; KS4; KS5 | I15: {=IFERROR(INDEX(Data!F$3:F$172,MATCH($A15,Data!$A$3:$A$172,0)),"")} -> Article; Search Tool | J15: =IFERROR(INDEX(Data!H$3:H$172,MATCH($A15,Data!$A$3:$A$172,0)),"") -> Characteristic; Knowledge; Wellbeing | K15: =IFERROR(INDEX(Data!I$3:I$172,MATCH($A15,Data!$A$3:$A$172,0)),"") -> Calmness; Kindness and compassion; Mental and emotional wellbeing; Patience; Self-awareness; Staying safe; Rest; Someone to talk to
A16: 5 | C16: =IFERROR(HYPERLINK(INDEX(Data!D$3:D$172,MATCH($A16,Data!$A$3:$A$172,0)),INDEX(Data!C$3:C$172,MATCH($A16,Data!$A$3:$A$172,0))),"") -> AsapScience: 3 Top Study Lifehacks | D16: {=IFERROR(INDEX(Data!B$3:B$172,MATCH($A16,Data!$A$3:$A$172,0)),"")} -> AsapScience | E16: {=IFERROR(INDEX(Data!E$3:E$172,MATCH($A16,Data!$A$3:$A$172,0)),"")} -> Video explaining 3 great lifehacks to help you study more effectively | H16: {=IFERROR(INDEX(Data!G$3:G$172,MATCH($A16,Data!$A$3:$A$172,0)),"")} -> KS4; KS5 | I16: {=IFERROR(INDEX(Data!F$3:F$172,MATCH($A16,Data!$A$3:$A$172,0)),"")} -> Video | J16: =IFERROR(INDEX(Data!H$3:H$172,MATCH($A16,Data!$A$3:$A$172,0)),"") -> Skill | K16: =IFERROR(INDEX(Data!I$3:I$172,MATCH($A16,Data!$A$3:$A$172,0)),"") -> Academic; Self-development
A17: 6 | C17: =IFERROR(HYPERLINK(INDEX(Data!D$3:D$172,MATCH($A17,Data!$A$3:$A$172,0)),INDEX(Data!C$3:C$172,MATCH($A17,Data!$A$3:$A$172,0))),"") -> AsapScience: Getting Better Sleep | D17: {=IFERROR(INDEX(Data!B$3:B$172,MATCH($A17,Data!$A$3:$A$172,0)),"")} -> AsapScience | E17: {=IFERROR(INDEX(Data!E$3:E$172,MATCH($A17,Data!$A$3:$A$172,0)),"")} -> Video explaining what you should do before bed to increase your chances of falling asleep more quickly, and getting better quality of sleep | H17: {=IFERROR(INDEX(Data!G$3:G$172,MATCH($A17,Data!$A$3:$A$172,0)),"")} -> KS3; KS4; KS5 | I17: {=IFERROR(INDEX(Data!F$3:F$172,MATCH($A17,Data!$A$3:$A$172,0)),"")} -> Video | J17: =IFERROR(INDEX(Data!H$3:H$172,MATCH($A17,Data!$A$3:$A$172,0)),"") -> Wellbeing | K17: =IFERROR(INDEX(Data!I$3:I$172,MATCH($A17,Data!$A$3:$A$172,0)),"") -> Staying healthy: Lifestyle, diet, and assessing risks; Rest
A18: 7 | C18: =IFERROR(HYPERLINK(INDEX(Data!D$3:D$172,MATCH($A18,Data!$A$3:$A$172,0)),INDEX(Data!C$3:C$172,MATCH($A18,Data!$A$3:$A$172,0))),"") -> Barclays Life Skills - Personal Finances | D18: {=IFERROR(INDEX(Data!B$3:B$172,MATCH($A18,Data!$A$3:$A$172,0)),"")} -> Barclays PLC | E18: {=IFERROR(INDEX(Data!E$3:E$172,MATCH($A18,Data!$A$3:$A$172,0)),"")} -> A collection of advice on managing your finances, including how to save effectively, understanding common finance terms, payslips explained, and avoiding online fraud | H18: {=IFERROR(INDEX(Data!G$3:G$172,MATCH($A18,Data!$A$3:$A$172,0)),"")} -> KS4; KS5 | I18: {=IFERROR(INDEX(Data!F$3:F$172,MATCH($A18,Data!$A$3:$A$172,0)),"")} -> Lots!; Article; Game/Quiz; Other | J18: =IFERROR(INDEX(Data!H$3:H$172,MATCH($A18,Data!$A$3:$A$172,0)),"") -> Skill | K18: =IFERROR(INDEX(Data!I$3:I$172,MATCH($A18,Data!$A$3:$A$172,0)),"") -> Managing your finances
A19: 8 | C19: =IFERROR(HYPERLINK(INDEX(Data!D$3:D$172,MATCH($A19,Data!$A$3:$A$172,0)),INDEX(Data!C$3:C$172,MATCH($A19,Data!$A$3:$A$172,0))),"") -> BBC - David Attenborough Documentaries | D19: {=IFERROR(INDEX(Data!B$3:B$172,MATCH($A19,Data!$A$3:$A$172,0)),"")} -> BBC | E19: {=IFERROR(INDEX(Data!E$3:E$172,MATCH($A19,Data!$A$3:$A$172,0)),"")} -> Documentaries about nature, from plants and animals to oceans and mountains. TV license needed. | H19: {=IFERROR(INDEX(Data!G$3:G$172,MATCH($A19,Data!$A$3:$A$172,0)),"")} -> KS3; KS4; KS5 | I19: {=IFERROR(INDEX(Data!F$3:F$172,MATCH($A19,Data!$A$3:$A$172,0)),"")} -> Video | J19: =IFERROR(INDEX(Data!H$3:H$172,MATCH($A19,Data!$A$3:$A$172,0)),"") -> Knowledge | K19: =IFERROR(INDEX(Data!I$3:I$172,MATCH($A19,Data!$A$3:$A$172,0)),"") -> The Environment
A20: 9 | C20: =IFERROR(HYPERLINK(INDEX(Data!D$3:D$172,MATCH($A20,Data!$A$3:$A$172,0)),INDEX(Data!C$3:C$172,MATCH($A20,Data!$A$3:$A$172,0))),"") -> BBC Bitesize - Becoming a Pharmacist | D20: {=IFERROR(INDEX(Data!B$3:B$172,MATCH($A20,Data!$A$3:$A$172,0)),"")} -> BBC | E20: {=IFERROR(INDEX(Data!E$3:E$172,MATCH($A20,Data!$A$3:$A$172,0)),"")} -> Video and article about becoming a pharmacist, covering role, lifestyle, training, salary, and more | H20: {=IFERROR(INDEX(Data!G$3:G$172,MATCH($A20,Data!$A$3:$A$172,0)),"")} -> KS3; KS4; KS5 | I20: {=IFERROR(INDEX(Data!F$3:F$172,MATCH($A20,Data!$A$3:$A$172,0)),"")} -> Article; Video | J20: =IFERROR(INDEX(Data!H$3:H$172,MATCH($A20,Data!$A$3:$A$172,0)),"") -> Career Option | K20: =IFERROR(INDEX(Data!I$3:I$172,MATCH($A20,Data!$A$3:$A$172,0)),"") -> Healthcare
A21: 10 | C21: =IFERROR(HYPERLINK(INDEX(Data!D$3:D$172,MATCH($A21,Data!$A$3:$A$172,0)),INDEX(Data!C$3:C$172,MATCH($A21,Data!$A$3:$A$172,0))),"") -> MIT - Scratch | D21: {=IFERROR(INDEX(Data!B$3:B$172,MATCH($A21,Data!$A$3:$A$172,0)),"")} -> MIT | E21: {=IFERROR(INDEX(Data!E$3:E$172,MATCH($A21,Data!$A$3:$A$172,0)),"")} -> Scratch is an easy-to-use tool for creating animations and games, which will teach you to program at the same time! | H21: {=IFERROR(INDEX(Data!G$3:G$172,MATCH($A21,Data!$A$3:$A$172,0)),"")} -> KS2; KS3; KS4; KS5 | I21: {=IFERROR(INDEX(Data!F$3:F$172,MATCH($A21,Data!$A$3:$A$172,0)),"")} -> Game/Quiz; Other | J21: =IFERROR(INDEX(Data!H$3:H$172,MATCH($A21,Data!$A$3:$A$172,0)),"") -> Career option | K21: =IFERROR(INDEX(Data!I$3:I$172,MATCH($A21,Data!$A$3:$A$172,0)),"") -> Creativity; Computing and Technology
A22: 11 | C22: =IFERROR(HYPERLINK(INDEX(Data!D$3:D$172,MATCH($A22,Data!$A$3:$A$172,0)),INDEX(Data!C$3:C$172,MATCH($A22,Data!$A$3:$A$172,0))),"") -> Be Healthy - Peer Support | D22: {=IFERROR(INDEX(Data!B$3:B$172,MATCH($A22,Data!$A$3:$A$172,0)),"")} -> Association for Young People's Health | E22: {=IFERROR(INDEX(Data!E$3:E$172,MATCH($A22,Data!$A$3:$A$172,0)),"")} -> Free advice on how to best support your friends when they need it - or ask for support from your friend when you need it | H22: {=IFERROR(INDEX(Data!G$3:G$172,MATCH($A22,Data!$A$3:$A$172,0)),"")} -> KS4; KS5 | I22: {=IFERROR(INDEX(Data!F$3:F$172,MATCH($A22,Data!$A$3:$A$172,0)),"")} -> Article; Other | J22: =IFERROR(INDEX(Data!H$3:H$172,MATCH($A22,Data!$A$3:$A$172,0)),"") -> Skill; Wellbeing | K22: =IFERROR(INDEX(Data!I$3:I$172,MATCH($A22,Data!$A$3:$A$172,0)),"") -> Mental and emotional wellbeing; Communication; Self-Esteem; Someone to talk to
A23: 12 | C23: =IFERROR(HYPERLINK(INDEX(Data!D$3:D$172,MATCH($A23,Data!$A$3:$A$172,0)),INDEX(Data!C$3:C$172,MATCH($A23,Data!$A$3:$A$172,0))),"") -> Becoming a dentist | D23: {=IFERROR(INDEX(Data!B$3:B$172,MATCH($A23,Data!$A$3:$A$172,0)),"")} -> GTI Media | E23: {=IFERROR(INDEX(Data!E$3:E$172,MATCH($A23,Data!$A$3:$A$172,0)),"")} -> Article explaining the entry requirements for dentistry courses, what dentistry degrees involve, and the career options available to dentistry graduates. | H23: {=IFERROR(INDEX(Data!G$3:G$172,MATCH($A23,Data!$A$3:$A$172,0)),"")} -> KS4; KS5 | I23: {=IFERROR(INDEX(Data!F$3:F$172,MATCH($A23,Data!$A$3:$A$172,0)),"")} -> Article; Search Tool | J23: =IFERROR(INDEX(Data!H$3:H$172,MATCH($A23,Data!$A$3:$A$172,0)),"") -> Career Option | K23: =IFERROR(INDEX(Data!I$3:I$172,MATCH($A23,Data!$A$3:$A$172,0)),"") -> Healthcare
A24: 13 | C24: =IFERROR(HYPERLINK(INDEX(Data!D$3:D$172,MATCH($A24,Data!$A$3:$A$172,0)),INDEX(Data!C$3:C$172,MATCH($A24,Data!$A$3:$A$172,0))),"") -> Becoming a doctor | D24: {=IFERROR(INDEX(Data!B$3:B$172,MATCH($A24,Data!$A$3:$A$172,0)),"")} -> GTI Media | E24: {=IFERROR(INDEX(Data!E$3:E$172,MATCH($A24,Data!$A$3:$A$172,0)),"")} -> Article explaining the different types of doctors, the steps needed to become a doctor, and the different paths you could take into medicine. | H24: {=IFERROR(INDEX(Data!G$3:G$172,MATCH($A24,Data!$A$3:$A$172,0)),"")} -> KS4; KS5 | I24: {=IFERROR(INDEX(Data!F$3:F$172,MATCH($A24,Data!$A$3:$A$172,0)),"")} -> Article; Search Tool | J24: =IFERROR(INDEX(Data!H$3:H$172,MATCH($A24,Data!$A$3:$A$172,0)),"") -> Career Option | K24: =IFERROR(INDEX(Data!I$3:I$172,MATCH($A24,Data!$A$3:$A$172,0)),"") -> Healthcare
... A211: 200 | C211: =IFERROR(HYPERLINK(INDEX(Data!D$3:D$172,MATCH($A211,Data!$A$3:$A$172,0)),INDEX(Data!C$3:C$172,MATCH($A211,Data!$A$3:$A$172,0))),"") | D211: {=IFERROR(INDEX(Data!B$3:B$172,MATCH($A211,Data!$A$3:$A$172,0)),"")} | E211: {=IFERROR(INDEX(Data!E$3:E$172,MATCH($A211,Data!$A$3:$A$172,0)),"")} | H211: {=IFERROR(INDEX(Data!G$3:G$172,MATCH($A211,Data!$A$3:$A$172,0)),"")} | I211: {=IFERROR(INDEX(Data!F$3:F$172,MATCH($A211,Data!$A$3:$A$172,0)),"")} | J211: =IFERROR(INDEX(Data!H$3:H$172,MATCH($A211,Data!$A$3:$A$172,0)),"") | K211: =IFERROR(INDEX(Data!I$3:I$172,MATCH($A211,Data!$A$3:$A$172,0)),"")

Sheet Data
B2: Publisher | C2: Name | D2: URL | E2: Description | F2: Type | G2: Key Stages (Suitable For) | H2: Development Area | I2: Topic | J2: Cost | K2: KS Filter | L2: Cost Filter | M2: Type Filter | N2: Development Area Filter | O2: Topic Filter | P2: include?
A3: =IF(P3="0",0,1) -> 1 | B3: Graduate Prospects Ltd | C3: 10 Alternative Science Careers | D3: https://www.prospects.ac.uk/jobs-and-work-experience/job-sectors/science-and-pharmaceuticals/10-alternative-science-careers | E3: List of some science careers outside of scientific research and healthcare, such as Communication and Outreach, Patent law, Scientific Publishing, and more. | F3: Article; Search Tool | G3: KS4; KS5 | H3: Career Option | I3: Science and pharmaceuticals | J3: Free! | K3: =IF(Resources!$D$8="Any",1,IF(Resources!$D$8="",1,IF(ISERROR(SEARCH(Resources!$D$8,$G3)),"0",1))) -> 1 | L3: =IF(Resources!$D$9="Any",1,IF(Resources!$D$9="",1,IF($J3=Resources!$D$9,1,"0"))) -> 1 | M3: =IF(Resources!$G$8="Any",1,IF(Resources!$G$8="",1,IF(ISERROR(SEARCH(Resources!$G$8,$H3)),"0",1))) -> 1 | N3: =IF(Resources!$G$9="Any",1,IF(Resources!$G$9="",1,IF(ISERROR(SEARCH(Resources!$G$9,$H3)),"0",1))) -> 1 | O3: =IF(Resources!$G$9="Any",1,IF(Resources!$J$8="",1,IF(ISERROR(SEARCH(Resources!$G$9,INDEX(Validation!$I$2:$I$71,MATCH(Resources!$J$8,Validation!$J$2:$J$71,0)))),1,IF(ISERROR(SEARCH(Resources!$J$8,$I3)),"0",1)))) -> 1 | P3: =IF(AND(K3=1,L3=1,M3=1,N3=1,O3=1),1,"0") -> 1
A4: =IF(P4="0",0,MAX(Data!$A$3:A3)+1) -> 2 | B4: Lifehack | C4: 11 Practical Ways to Stop Procrastination | D4: https://www.lifehack.org/articles/featured/11-practical-ways-to-stop-procrastination.html | E4: Article suggesting some methods for stopping procrastination, for people who find it hard to start - or stick at - important activities | F4: Article | G4: KS4; KS5 | H4: Characteristic; Skill | I4: Academic; Organisation; Self-development | J4: Free! | K4: =IF(Resources!$D$8="Any",1,IF(Resources!$D$8="",1,IF(ISERROR(SEARCH(Resources!$D$8,$G4)),"0",1))) -> 1 | L4: =IF(Resources!$D$9="Any",1,IF(Resources!$D$9="",1,IF($J4=Resources!$D$9,1,"0"))) -> 1 | M4: =IF(Resources!$G$8="Any",1,IF(Resources!$G$8="",1,IF(ISERROR(SEARCH(Resources!$G$8,$H4)),"0",1))) -> 1 | N4: =IF(Resources!$G$9="Any",1,IF(Resources!$G$9="",1,IF(ISERROR(SEARCH(Resources!$G$9,$H4)),"0",1))) -> 1 | O4: =IF(Resources!$G$9="Any",1,IF(Resources!$J$8="",1,IF(ISERROR(SEARCH(Resources!$G$9,INDEX(Validation!$I$2:$I$71,MATCH(Resources!$J$8,Validation!$J$2:$J$71,0)))),1,IF(ISERROR(SEARCH(Resources!$J$8,$I4)),"0",1)))) -> 1 | P4: =IF(AND(K4=1,L4=1,M4=1,N4=1,O4=1),1,"0") -> 1
A5: =IF(P5="0",0,MAX(Data!$A$3:A4)+1) -> 3 | B5: National Careers Service | C5: Animal Care Careers | D5: https://nationalcareers.service.gov.uk/job-categories/animal-care | E5: Learn about the different career options in Animal Care, and how to get into them | F5: Article; Search Tool | G5: KS3; KS4; KS5 | H5: Career Option | I5: Animal Care | J5: Free! | K5: =IF(Resources!$D$8="Any",1,IF(Resources!$D$8="",1,IF(ISERROR(SEARCH(Resources!$D$8,$G5)),"0",1))) -> 1 | L5: =IF(Resources!$D$9="Any",1,IF(Resources!$D$9="",1,IF($J5=Resources!$D$9,1,"0"))) -> 1 | M5: =IF(Resources!$G$8="Any",1,IF(Resources!$G$8="",1,IF(ISERROR(SEARCH(Resources!$G$8,$H5)),"0",1))) -> 1 | N5: =IF(Resources!$G$9="Any",1,IF(Resources!$G$9="",1,IF(ISERROR(SEARCH(Resources!$G$9,$H5)),"0",1))) -> 1 | O5: =IF(Resources!$G$9="Any",1,IF(Resources!$J$8="",1,IF(ISERROR(SEARCH(Resources!$G$9,INDEX(Validation!$I$2:$I$71,MATCH(Resources!$J$8,Validation!$J$2:$J$71,0)))),1,IF(ISERROR(SEARCH(Resources!$J$8,$I5)),"0",1)))) -> 1 | P5: =IF(AND(K5=1,L5=1,M5=1,N5=1,O5=1),1,"0") -> 1
A6: =IF(P6="0",0,MAX(Data!$A$3:A5)+1) -> 4 | B6: Anna Freud Centre | C6: Anna Freud - On My Mind | D6: https://www.annafreud.org/on-my-mind/ | E6: On My Mind is co-produced by young people to help other young people through a list of services which offer wellbeing support or urgent help. It also offers information about helping others with mental and emotional health and wellbeing, strategies for self-care, and more. | F6: Article; Search Tool | G6: KS2; KS3; KS4; KS5 | H6: Characteristic; Knowledge; Wellbeing | I6: Calmness; Kindness and compassion; Mental and emotional wellbeing; Patience; Self-awareness; Staying safe; Rest; Someone to talk to | J6: Free! | K6: =IF(Resources!$D$8="Any",1,IF(Resources!$D$8="",1,IF(ISERROR(SEARCH(Resources!$D$8,$G6)),"0",1))) -> 1 | L6: =IF(Resources!$D$9="Any",1,IF(Resources!$D$9="",1,IF($J6=Resources!$D$9,1,"0"))) -> 1 | M6: =IF(Resources!$G$8="Any",1,IF(Resources!$G$8="",1,IF(ISERROR(SEARCH(Resources!$G$8,$H6)),"0",1))) -> 1 | N6: =IF(Resources!$G$9="Any",1,IF(Resources!$G$9="",1,IF(ISERROR(SEARCH(Resources!$G$9,$H6)),"0",1))) -> 1 | O6: =IF(Resources!$G$9="Any",1,IF(Resources!$J$8="",1,IF(ISERROR(SEARCH(Resources!$G$9,INDEX(Validation!$I$2:$I$71,MATCH(Resources!$J$8,Validation!$J$2:$J$71,0)))),1,IF(ISERROR(SEARCH(Resources!$J$8,$I6)),"0",1)))) -> 1 | P6: =IF(AND(K6=1,L6=1,M6=1,N6=1,O6=1),1,"0") -> 1
A7: =IF(P7="0",0,MAX(Data!$A$3:A6)+1) -> 5 | B7: AsapScience | C7: AsapScience: 3 Top Study Lifehacks | D7: https://www.youtube.com/watch?v=Y_B6VADhY84 | E7: Video explaining 3 great lifehacks to help you study more effectively | F7: Video | G7: KS4; KS5 | H7: Skill | I7: Academic; Self-development | J7: Free! | K7: =IF(Resources!$D$8="Any",1,IF(Resources!$D$8="",1,IF(ISERROR(SEARCH(Resources!$D$8,$G7)),"0",1))) -> 1 | L7: =IF(Resources!$D$9="Any",1,IF(Resources!$D$9="",1,IF($J7=Resources!$D$9,1,"0"))) -> 1 | M7: =IF(Resources!$G$8="Any",1,IF(Resources!$G$8="",1,IF(ISERROR(SEARCH(Resources!$G$8,$H7)),"0",1))) -> 1 | N7: =IF(Resources!$G$9="Any",1,IF(Resources!$G$9="",1,IF(ISERROR(SEARCH(Resources!$G$9,$H7)),"0",1))) -> 1 | O7: =IF(Resources!$G$9="Any",1,IF(Resources!$J$8="",1,IF(ISERROR(SEARCH(Resources!$G$9,INDEX(Validation!$I$2:$I$71,MATCH(Resources!$J$8,Validation!$J$2:$J$71,0)))),1,IF(ISERROR(SEARCH(Resources!$J$8,$I7)),"0",1)))) -> 1 | P7: =IF(AND(K7=1,L7=1,M7=1,N7=1,O7=1),1,"0") -> 1
A8: =IF(P8="0",0,MAX(Data!$A$3:A7)+1) -> 6 | B8: AsapScience | C8: AsapScience: Getting Better Sleep | D8: https://www.youtube.com/watch?v=EiYm20F9WXU | E8: Video explaining what you should do before bed to increase your chances of falling asleep more quickly, and getting better quality of sleep | F8: Video | G8: KS3; KS4; KS5 | H8: Wellbeing | I8: Staying healthy: Lifestyle, diet, and assessing risks; Rest | J8: Free! | K8: =IF(Resources!$D$8="Any",1,IF(Resources!$D$8="",1,IF(ISERROR(SEARCH(Resources!$D$8,$G8)),"0",1))) -> 1 | L8: =IF(Resources!$D$9="Any",1,IF(Resources!$D$9="",1,IF($J8=Resources!$D$9,1,"0"))) -> 1 | M8: =IF(Resources!$G$8="Any",1,IF(Resources!$G$8="",1,IF(ISERROR(SEARCH(Resources!$G$8,$H8)),"0",1))) -> 1 | N8: =IF(Resources!$G$9="Any",1,IF(Resources!$G$9="",1,IF(ISERROR(SEARCH(Resources!$G$9,$H8)),"0",1))) -> 1 | O8: =IF(Resources!$G$9="Any",1,IF(Resources!$J$8="",1,IF(ISERROR(SEARCH(Resources!$G$9,INDEX(Validation!$I$2:$I$71,MATCH(Resources!$J$8,Validation!$J$2:$J$71,0)))),1,IF(ISERROR(SEARCH(Resources!$J$8,$I8)),"0",1)))) -> 1 | P8: =IF(AND(K8=1,L8=1,M8=1,N8=1,O8=1),1,"0") -> 1
A9: =IF(P9="0",0,MAX(Data!$A$3:A8)+1) -> 7 | B9: Barclays PLC | C9: Barclays Life Skills - Personal Finances | D9: https://barclayslifeskills.com/i-want-to-get-to-grips-with-money-and-my-payslip/school | E9: A collection of advice on managing your finances, including how to save effectively, understanding common finance terms, payslips explained, and avoiding online fraud | F9: Lots!; Article; Game/Quiz; Other | G9: KS4; KS5 | H9: Skill | I9: Managing your finances | J9: Free! | K9: =IF(Resources!$D$8="Any",1,IF(Resources!$D$8="",1,IF(ISERROR(SEARCH(Resources!$D$8,$G9)),"0",1))) -> 1 | L9: =IF(Resources!$D$9="Any",1,IF(Resources!$D$9="",1,IF($J9=Resources!$D$9,1,"0"))) -> 1 | M9: =IF(Resources!$G$8="Any",1,IF(Resources!$G$8="",1,IF(ISERROR(SEARCH(Resources!$G$8,$H9)),"0",1))) -> 1 | N9: =IF(Resources!$G$9="Any",1,IF(Resources!$G$9="",1,IF(ISERROR(SEARCH(Resources!$G$9,$H9)),"0",1))) -> 1 | O9: =IF(Resources!$G$9="Any",1,IF(Resources!$J$8="",1,IF(ISERROR(SEARCH(Resources!$G$9,INDEX(Validation!$I$2:$I$71,MATCH(Resources!$J$8,Validation!$J$2:$J$71,0)))),1,IF(ISERROR(SEARCH(Resources!$J$8,$I9)),"0",1)))) -> 1 | P9: =IF(AND(K9=1,L9=1,M9=1,N9=1,O9=1),1,"0") -> 1
A10: =IF(P10="0",0,MAX(Data!$A$3:A9)+1) -> 8 | B10: BBC | C10: BBC - David Attenborough Documentaries | D10: https://www.bbc.co.uk/iplayer/group/p06m42d9 | E10: Documentaries about nature, from plants and animals to oceans and mountains. TV license needed. | F10: Video | G10: KS3; KS4; KS5 | H10: Knowledge | I10: The Environment | J10: Free! | K10: =IF(Resources!$D$8="Any",1,IF(Resources!$D$8="",1,IF(ISERROR(SEARCH(Resources!$D$8,$G10)),"0",1))) -> 1 | L10: =IF(Resources!$D$9="Any",1,IF(Resources!$D$9="",1,IF($J10=Resources!$D$9,1,"0"))) -> 1 | M10: =IF(Resources!$G$8="Any",1,IF(Resources!$G$8="",1,IF(ISERROR(SEARCH(Resources!$G$8,$H10)),"0",1))) -> 1 | N10: =IF(Resources!$G$9="Any",1,IF(Resources!$G$9="",1,IF(ISERROR(SEARCH(Resources!$G$9,$H10)),"0",1))) -> 1 | O10: =IF(Resources!$G$9="Any",1,IF(Resources!$J$8="",1,IF(ISERROR(SEARCH(Resources!$G$9,INDEX(Validation!$I$2:$I$71,MATCH(Resources!$J$8,Validation!$J$2:$J$71,0)))),1,IF(ISERROR(SEARCH(Resources!$J$8,$I10)),"0",1)))) -> 1 | P10: =IF(AND(K10=1,L10=1,M10=1,N10=1,O10=1),1,"0") -> 1
A11: =IF(P11="0",0,MAX(Data!$A$3:A10)+1) -> 9 | B11: BBC | C11: BBC Bitesize - Becoming a Pharmacist | D11: https://www.bbc.co.uk/bitesize/articles/zrcn2sg | E11: Video and article about becoming a pharmacist, covering role, lifestyle, training, salary, and more | F11: Article; Video | G11: KS3; KS4; KS5 | H11: Career Option | I11: Healthcare | J11: Free! | K11: =IF(Resources!$D$8="Any",1,IF(Resources!$D$8="",1,IF(ISERROR(SEARCH(Resources!$D$8,$G11)),"0",1))) -> 1 | L11: =IF(Resources!$D$9="Any",1,IF(Resources!$D$9="",1,IF($J11=Resources!$D$9,1,"0"))) -> 1 | M11: =IF(Resources!$G$8="Any",1,IF(Resources!$G$8="",1,IF(ISERROR(SEARCH(Resources!$G$8,$H11)),"0",1))) -> 1 | N11: =IF(Resources!$G$9="Any",1,IF(Resources!$G$9="",1,IF(ISERROR(SEARCH(Resources!$G$9,$H11)),"0",1))) -> 1 | O11: =IF(Resources!$G$9="Any",1,IF(Resources!$J$8="",1,IF(ISERROR(SEARCH(Resources!$G$9,INDEX(Validation!$I$2:$I$71,MATCH(Resources!$J$8,Validation!$J$2:$J$71,0)))),1,IF(ISERROR(SEARCH(Resources!$J$8,$I11)),"0",1)))) -> 1 | P11: =IF(AND(K11=1,L11=1,M11=1,N11=1,O11=1),1,"0") -> 1
A12: =IF(P12="0",0,MAX(Data!$A$3:A11)+1) -> 10 | B12: MIT | C12: MIT - Scratch | D12: https://scratch.mit.edu/ | E12: Scratch is an easy-to-use tool for creating animations and games, which will teach you to program at the same time! | F12: Game/Quiz; Other | G12: KS2; KS3; KS4; KS5 | H12: Career option | I12: Creativity; Computing and Technology | J12: Free! | K12: =IF(Resources!$D$8="Any",1,IF(Resources!$D$8="",1,IF(ISERROR(SEARCH(Resources!$D$8,$G12)),"0",1))) -> 1 | L12: =IF(Resources!$D$9="Any",1,IF(Resources!$D$9="",1,IF($J12=Resources!$D$9,1,"0"))) -> 1 | M12: =IF(Resources!$G$8="Any",1,IF(Resources!$G$8="",1,IF(ISERROR(SEARCH(Resources!$G$8,$H12)),"0",1))) -> 1 | N12: =IF(Resources!$G$9="Any",1,IF(Resources!$G$9="",1,IF(ISERROR(SEARCH(Resources!$G$9,$H12)),"0",1))) -> 1 | O12: =IF(Resources!$G$9="Any",1,IF(Resources!$J$8="",1,IF(ISERROR(SEARCH(Resources!$G$9,INDEX(Validation!$I$2:$I$71,MATCH(Resources!$J$8,Validation!$J$2:$J$71,0)))),1,IF(ISERROR(SEARCH(Resources!$J$8,$I12)),"0",1)))) -> 1 | P12: =IF(AND(K12=1,L12=1,M12=1,N12=1,O12=1),1,"0") -> 1
A13: =IF(P13="0",0,MAX(Data!$A$3:A12)+1) -> 11 | B13: Association for Young People's Health | C13: Be Healthy - Peer Support | D13: http://behealthy-peersupport.org.uk/#choice | E13: Free advice on how to best support your friends when they need it - or ask for support from your friend when you need it | F13: Article; Other | G13: KS4; KS5 | H13: Skill; Wellbeing | I13: Mental and emotional wellbeing; Communication; Self-Esteem; Someone to talk to | J13: Free! | K13: =IF(Resources!$D$8="Any",1,IF(Resources!$D$8="",1,IF(ISERROR(SEARCH(Resources!$D$8,$G13)),"0",1))) -> 1 | L13: =IF(Resources!$D$9="Any",1,IF(Resources!$D$9="",1,IF($J13=Resources!$D$9,1,"0"))) -> 1 | M13: =IF(Resources!$G$8="Any",1,IF(Resources!$G$8="",1,IF(ISERROR(SEARCH(Resources!$G$8,$H13)),"0",1))) -> 1 | N13: =IF(Resources!$G$9="Any",1,IF(Resources!$G$9="",1,IF(ISERROR(SEARCH(Resources!$G$9,$H13)),"0",1))) -> 1 | O13: =IF(Resources!$G$9="Any",1,IF(Resources!$J$8="",1,IF(ISERROR(SEARCH(Resources!$G$9,INDEX(Validation!$I$2:$I$71,MATCH(Resources!$J$8,Validation!$J$2:$J$71,0)))),1,IF(ISERROR(SEARCH(Resources!$J$8,$I13)),"0",1)))) -> 1 | P13: =IF(AND(K13=1,L13=1,M13=1,N13=1,O13=1),1,"0") -> 1
A14: =IF(P14="0",0,MAX(Data!$A$3:A13)+1) -> 12 | B14: GTI Media | C14: Becoming a dentist | D14: https://targetcareers.co.uk/career-sectors/healthcare-and-veterinary-medicine/1014257-how-to-become-a-dentist-and-your-job-options | E14: Article explaining the entry requirements for dentistry courses, what dentistry degrees involve, and the career options available to dentistry graduates. | F14: Article; Search Tool | G14: KS4; KS5 | H14: Career Option | I14: Healthcare | J14: Free! | K14: =IF(Resources!$D$8="Any",1,IF(Resources!$D$8="",1,IF(ISERROR(SEARCH(Resources!$D$8,$G14)),"0",1))) -> 1 | L14: =IF(Resources!$D$9="Any",1,IF(Resources!$D$9="",1,IF($J14=Resources!$D$9,1,"0"))) -> 1 | M14: =IF(Resources!$G$8="Any",1,IF(Resources!$G$8="",1,IF(ISERROR(SEARCH(Resources!$G$8,$H14)),"0",1))) -> 1 | N14: =IF(Resources!$G$9="Any",1,IF(Resources!$G$9="",1,IF(ISERROR(SEARCH(Resources!$G$9,$H14)),"0",1))) -> 1 | O14: =IF(Resources!$G$9="Any",1,IF(Resources!$J$8="",1,IF(ISERROR(SEARCH(Resources!$G$9,INDEX(Validation!$I$2:$I$71,MATCH(Resources!$J$8,Validation!$J$2:$J$71,0)))),1,IF(ISERROR(SEARCH(Resources!$J$8,$I14)),"0",1)))) -> 1 | P14: =IF(AND(K14=1,L14=1,M14=1,N14=1,O14=1),1,"0") -> 1
A15: =IF(P15="0",0,MAX(Data!$A$3:A14)+1) -> 13 | B15: GTI Media | C15: Becoming a doctor | D15: https://targetcareers.co.uk/career-sectors/healthcare-and-veterinary-medicine/1014231-medical-careers-guide-becoming-a-doctor-in-the-uk | E15: Article explaining the different types of doctors, the steps needed to become a doctor, and the different paths you could take into medicine. | F15: Article; Search Tool | G15: KS4; KS5 | H15: Career Option | I15: Healthcare | J15: Free! | K15: =IF(Resources!$D$8="Any",1,IF(Resources!$D$8="",1,IF(ISERROR(SEARCH(Resources!$D$8,$G15)),"0",1))) -> 1 | L15: =IF(Resources!$D$9="Any",1,IF(Resources!$D$9="",1,IF($J15=Resources!$D$9,1,"0"))) -> 1 | M15: =IF(Resources!$G$8="Any",1,IF(Resources!$G$8="",1,IF(ISERROR(SEARCH(Resources!$G$8,$H15)),"0",1))) -> 1 | N15: =IF(Resources!$G$9="Any",1,IF(Resources!$G$9="",1,IF(ISERROR(SEARCH(Resources!$G$9,$H15)),"0",1))) -> 1 | O15: =IF(Resources!$G$9="Any",1,IF(Resources!$J$8="",1,IF(ISERROR(SEARCH(Resources!$G$9,INDEX(Validation!$I$2:$I$71,MATCH(Resources!$J$8,Validation!$J$2:$J$71,0)))),1,IF(ISERROR(SEARCH(Resources!$J$8,$I15)),"0",1)))) -> 1 | P15: =IF(AND(K15=1,L15=1,M15=1,N15=1,O15=1),1,"0") -> 1
... A43: =IF(P43="0",0,MAX(Data!$A$3:A42)+1) -> 41 | B43: Anna Freud Centre | C43: Exercise for Wellbeing | D43: https://www.annafreud.org/on-my-mind/self-care/physical-exercise/ | E43: Exercise doesn't just benefit your physical health. This article, written by young people for young people, explains how exercise can be beneficial to your mental and emotional wellbeing as well. | F43: Article; Video | G43: KS2; KS3; KS4; KS5 | H43: Knowledge; Skill | I43: Mental and emotional wellbeing; Staying healthy: Lifestyle, diet, and assessing risks; Sports and fitness | J43: Free! | K43: =IF(Resources!$D$8="Any",1,IF(Resources!$D$8="",1,IF(ISERROR(SEARCH(Resources!$D$8,$G43)),"0",1))) -> 1 | L43: =IF(Resources!$D$9="Any",1,IF(Resources!$D$9="",1,IF($J43=Resources!$D$9,1,"0"))) -> 1 | M43: =IF(Resources!$G$8="Any",1,IF(Resources!$G$8="",1,IF(ISERROR(SEARCH(Resources!$G$8,$H43)),"0",1))) -> 1 | N43: =IF(Resources!$G$9="Any",1,IF(Resources!$G$9="",1,IF(ISERROR(SEARCH(Resources!$G$9,$H43)),"0",1))) -> 1 | O43: =IF(Resources!$G$9="Any",1,IF(Resources!$J$8="",1,IF(ISERROR(SEARCH(Resources!$G$9,INDEX(Validation!$I$2:$I$71,MATCH(Resources!$J$8,Validation!$J$2:$J$71,0)))),1,IF(ISERROR(SEARCH(Resources!$J$8,$I43)),"0",1)))) -> 1 | P43: =IF(AND(K43=1,L43=1,M43=1,N43=1,O43=1),1,"0") -> 1
A44: =IF(P44="0",0,MAX(Data!$A$3:A43)+1) -> 42 | C44: Generation Lockdown | D44: https://generationlockdown.co.uk/ | E44: A writing competition in which writers aged 7-17 share stories of life in lockdown. These are then judged by a published author, with the best entries being published in a book! | F44: Game/Quiz; Other | G44: KS3; KS4; KS5 | H44: Skill; Characteristic | I44: Self-development; Creativity; Comprehension; Communication; Ambition; | J44: Free! | K44: =IF(Resources!$D$8="Any",1,IF(Resources!$D$8="",1,IF(ISERROR(SEARCH(Resources!$D$8,$G44)),"0",1))) -> 1 | L44: =IF(Resources!$D$9="Any",1,IF(Resources!$D$9="",1,IF($J44=Resources!$D$9,1,"0"))) -> 1 | M44: =IF(Resources!$G$8="Any",1,IF(Resources!$G$8="",1,IF(ISERROR(SEARCH(Resources!$G$8,$H44)),"0",1))) -> 1 | N44: =IF(Resources!$G$9="Any",1,IF(Resources!$G$9="",1,IF(ISERROR(SEARCH(Resources!$G$9,$H44)),"0",1))) -> 1 | O44: =IF(Resources!$G$9="Any",1,IF(Resources!$J$8="",1,IF(ISERROR(SEARCH(Resources!$G$9,INDEX(Validation!$I$2:$I$71,MATCH(Resources!$J$8,Validation!$J$2:$J$71,0)))),1,IF(ISERROR(SEARCH(Resources!$J$8,$I44)),"0",1)))) -> 1 | P44: =IF(AND(K44=1,L44=1,M44=1,N44=1,O44=1),1,"0") -> 1
A45: =IF(P45="0",0,MAX(Data!$A$3:A44)+1) -> 43 | B45: Anna Freud Centre | C45: Goal Setting | D45: https://www.annafreud.org/on-my-mind/self-care/goal-setting/ | E45: This article, written by young people for young people, explains how goal setting goals each day can help you feel happier and more organised. | F45: Article; Video | G45: KS2; KS3; KS4; KS5 | H45: Skill; Characteristic | I45: Mental and emotional wellbeing; Self-development; Organisation; Ambition; Persistence | J45: Free! | K45: =IF(Resources!$D$8="Any",1,IF(Resources!$D$8="",1,IF(ISERROR(SEARCH(Resources!$D$8,$G45)),"0",1))) -> 1 | L45: =IF(Resources!$D$9="Any",1,IF(Resources!$D$9="",1,IF($J45=Resources!$D$9,1,"0"))) -> 1 | M45: =IF(Resources!$G$8="Any",1,IF(Resources!$G$8="",1,IF(ISERROR(SEARCH(Resources!$G$8,$H45)),"0",1))) -> 1 | N45: =IF(Resources!$G$9="Any",1,IF(Resources!$G$9="",1,IF(ISERROR(SEARCH(Resources!$G$9,$H45)),"0",1))) -> 1 | O45: =IF(Resources!$G$9="Any",1,IF(Resources!$J$8="",1,IF(ISERROR(SEARCH(Resources!$G$9,INDEX(Validation!$I$2:$I$71,MATCH(Resources!$J$8,Validation!$J$2:$J$71,0)))),1,IF(ISERROR(SEARCH(Resources!$J$8,$I45)),"0",1)))) -> 1 | P45: =IF(AND(K45=1,L45=1,M45=1,N45=1,O45=1),1,"0") -> 1
A46: =IF(P46="0",0,MAX(Data!$A$3:A45)+1) -> 44 | B46: Youth Employment UK CIC | C46: Hair and Beauty Jobs | D46: https://www.youthemployment.org.uk/careers-hub-sector/hair-and-beauty/ | E46: Webpage for exploring the different roles available in Hair and Beauty. | F46: Lots! | G46: KS4; KS5 | H46: Career Option | I46: Hair and beauty | J46: Free! | K46: =IF(Resources!$D$8="Any",1,IF(Resources!$D$8="",1,IF(ISERROR(SEARCH(Resources!$D$8,$G46)),"0",1))) -> 1 | L46: =IF(Resources!$D$9="Any",1,IF(Resources!$D$9="",1,IF($J46=Resources!$D$9,1,"0"))) -> 1 | M46: =IF(Resources!$G$8="Any",1,IF(Resources!$G$8="",1,IF(ISERROR(SEARCH(Resources!$G$8,$H46)),"0",1))) -> 1 | N46: =IF(Resources!$G$9="Any",1,IF(Resources!$G$9="",1,IF(ISERROR(SEARCH(Resources!$G$9,$H46)),"0",1))) -> 1 | O46: =IF(Resources!$G$9="Any",1,IF(Resources!$J$8="",1,IF(ISERROR(SEARCH(Resources!$G$9,INDEX(Validation!$I$2:$I$71,MATCH(Resources!$J$8,Validation!$J$2:$J$71,0)))),1,IF(ISERROR(SEARCH(Resources!$J$8,$I46)),"0",1)))) -> 1 | P46: =IF(AND(K46=1,L46=1,M46=1,N46=1,O46=1),1,"0") -> 1
A47: =IF(P47="0",0,MAX(Data!$A$3:A46)+1) -> 45 | B47: Graduate Prospects Ltd | C47: Hospitality and Event Management Jobs | D47: https://www.prospects.ac.uk/jobs-and-work-experience/job-sectors/hospitality-and-events-management/hospitality-jobs | E47: Descriptions of some of the different careers you might start in Hospitality and Event Management, such as: Catering Manager, Chef, Event Manager, Exhibition Designer, and more. | F47: Article; Search Tool | G47: KS4; KS5 | H47: Career Option | I47: Hospitality, catering and events management | J47: Free! | K47: =IF(Resources!$D$8="Any",1,IF(Resources!$D$8="",1,IF(ISERROR(SEARCH(Resources!$D$8,$G47)),"0",1))) -> 1 | L47: =IF(Resources!$D$9="Any",1,IF(Resources!$D$9="",1,IF($J47=Resources!$D$9,1,"0"))) -> 1 | M47: =IF(Resources!$G$8="Any",1,IF(Resources!$G$8="",1,IF(ISERROR(SEARCH(Resources!$G$8,$H47)),"0",1))) -> 1 | N47: =IF(Resources!$G$9="Any",1,IF(Resources!$G$9="",1,IF(ISERROR(SEARCH(Resources!$G$9,$H47)),"0",1))) -> 1 | O47: =IF(Resources!$G$9="Any",1,IF(Resources!$J$8="",1,IF(ISERROR(SEARCH(Resources!$G$9,INDEX(Validation!$I$2:$I$71,MATCH(Resources!$J$8,Validation!$J$2:$J$71,0)))),1,IF(ISERROR(SEARCH(Resources!$J$8,$I47)),"0",1)))) -> 1 | P47: =IF(AND(K47=1,L47=1,M47=1,N47=1,O47=1),1,"0") -> 1
A48: =IF(P48="0",0,MAX(Data!$A$3:A47)+1) -> 46 | B48: GTI Media | C48: How do I become a Scientist? | D48: https://targetcareers.co.uk/career-sectors/science/156-how-to-become-a-scientist-careers-in-science | E48: Article about how to start a career in science: which A levels to take, apprenticeship schemes, and university options. | F48: Article; Search Tool | G48: KS4; KS5 | H48: Career Option | I48: Science and pharmaceuticals | J48: Free! | K48: =IF(Resources!$D$8="Any",1,IF(Resources!$D$8="",1,IF(ISERROR(SEARCH(Resources!$D$8,$G48)),"0",1))) -> 1 | L48: =IF(Resources!$D$9="Any",1,IF(Resources!$D$9="",1,IF($J48=Resources!$D$9,1,"0"))) -> 1 | M48: =IF(Resources!$G$8="Any",1,IF(Resources!$G$8="",1,IF(ISERROR(SEARCH(Resources!$G$8,$H48)),"0",1))) -> 1 | N48: =IF(Resources!$G$9="Any",1,IF(Resources!$G$9="",1,IF(ISERROR(SEARCH(Resources!$G$9,$H48)),"0",1))) -> 1 | O48: =IF(Resources!$G$9="Any",1,IF(Resources!$J$8="",1,IF(ISERROR(SEARCH(Resources!$G$9,INDEX(Validation!$I$2:$I$71,MATCH(Resources!$J$8,Validation!$J$2:$J$71,0)))),1,IF(ISERROR(SEARCH(Resources!$J$8,$I48)),"0",1)))) -> 1 | P48: =IF(AND(K48=1,L48=1,M48=1,N48=1,O48=1),1,"0") -> 1
A49: =IF(P49="0",0,MAX(Data!$A$3:A48)+1) -> 47 | B49: GTI Media | C49: How do I get into charity work? | D49: https://targetcareers.co.uk/career-sectors/public-sector-and-charity/140-how-do-i-get-into-charity-work | E49: Article about how to start a career in charity work, from setting up work experience and making applications to building and using a network. | F49: Article; Search Tool | G49: KS4; KS5 | H49: Career Option | I49: Charity and voluntary work | J49: Free! | K49: =IF(Resources!$D$8="Any",1,IF(Resources!$D$8="",1,IF(ISERROR(SEARCH(Resources!$D$8,$G49)),"0",1))) -> 1 | L49: =IF(Resources!$D$9="Any",1,IF(Resources!$D$9="",1,IF($J49=Resources!$D$9,1,"0"))) -> 1 | M49: =IF(Resources!$G$8="Any",1,IF(Resources!$G$8="",1,IF(ISERROR(SEARCH(Resources!$G$8,$H49)),"0",1))) -> 1 | N49: =IF(Resources!$G$9="Any",1,IF(Resources!$G$9="",1,IF(ISERROR(SEARCH(Resources!$G$9,$H49)),"0",1))) -> 1 | O49: =IF(Resources!$G$9="Any",1,IF(Resources!$J$8="",1,IF(ISERROR(SEARCH(Resources!$G$9,INDEX(Validation!$I$2:$I$71,MATCH(Resources!$J$8,Validation!$J$2:$J$71,0)))),1,IF(ISERROR(SEARCH(Resources!$J$8,$I49)),"0",1)))) -> 1 | P49: =IF(AND(K49=1,L49=1,M49=1,N49=1,O49=1),1,"0") -> 1
A50: =IF(P50="0",0,MAX(Data!$A$3:A49)+1) -> 48 | B50: GTI Media | C50: How do I get into Teaching? | D50: https://targetcareers.co.uk/career-sectors/teaching-and-education/160-how-do-i-get-into-teaching-and-education | E50: Article outlining the steps you need to take in order to start a career as a teacher, from what to study at university to teacher training. | F50: Article; Search Tool | G50: KS4; KS5 | H50: Career Option | I50: Teaching and education | J50: Free! | K50: =IF(Resources!$D$8="Any",1,IF(Resources!$D$8="",1,IF(ISERROR(SEARCH(Resources!$D$8,$G50)),"0",1))) -> 1 | L50: =IF(Resources!$D$9="Any",1,IF(Resources!$D$9="",1,IF($J50=Resources!$D$9,1,"0"))) -> 1 | M50: =IF(Resources!$G$8="Any",1,IF(Resources!$G$8="",1,IF(ISERROR(SEARCH(Resources!$G$8,$H50)),"0",1))) -> 1 | N50: =IF(Resources!$G$9="Any",1,IF(Resources!$G$9="",1,IF(ISERROR(SEARCH(Resources!$G$9,$H50)),"0",1))) -> 1 | O50: =IF(Resources!$G$9="Any",1,IF(Resources!$J$8="",1,IF(ISERROR(SEARCH(Resources!$G$9,INDEX(Validation!$I$2:$I$71,MATCH(Resources!$J$8,Validation!$J$2:$J$71,0)))),1,IF(ISERROR(SEARCH(Resources!$J$8,$I50)),"0",1)))) -> 1 | P50: =IF(AND(K50=1,L50=1,M50=1,N50=1,O50=1),1,"0") -> 1
A51: =IF(P51="0",0,MAX(Data!$A$3:A50)+1) -> 49 | B51: Graduate Prospects Ltd | C51: How to ask employers for work experience | D51: https://www.prospects.ac.uk/jobs-and-work-experience/work-experience-and-internships/how-to-ask-employers-for-work-experience | E51: Not all work experience opportunities are advertised. This article outlines how to approach an employer and ask for work experience, from contacting an employer to tailoring your CV. | F51: Article | G51: KS4; KS5 | H51: Characteristic; Post-school destination; Skill | I51: Work Experience; Ambition; Assertiveness; Persistence; Respectfulness and manners; Get A Job; Resilience; Communication | J51: Free! | K51: =IF(Resources!$D$8="Any",1,IF(Resources!$D$8="",1,IF(ISERROR(SEARCH(Resources!$D$8,$G51)),"0",1))) -> 1 | L51: =IF(Resources!$D$9="Any",1,IF(Resources!$D$9="",1,IF($J51=Resources!$D$9,1,"0"))) -> 1 | M51: =IF(Resources!$G$8="Any",1,IF(Resources!$G$8="",1,IF(ISERROR(SEARCH(Resources!$G$8,$H51)),"0",1))) -> 1 | N51: =IF(Resources!$G$9="Any",1,IF(Resources!$G$9="",1,IF(ISERROR(SEARCH(Resources!$G$9,$H51)),"0",1))) -> 1 | O51: =IF(Resources!$G$9="Any",1,IF(Resources!$J$8="",1,IF(ISERROR(SEARCH(Resources!$G$9,INDEX(Validation!$I$2:$I$71,MATCH(Resources!$J$8,Validation!$J$2:$J$71,0)))),1,IF(ISERROR(SEARCH(Resources!$J$8,$I51)),"0",1)))) -> 1 | P51: =IF(AND(K51=1,L51=1,M51=1,N51=1,O51=1),1,"0") -> 1
A52: =IF(P52="0",0,MAX(Data!$A$3:A51)+1) -> 50 | B52: School of Life | C52: How to be an Entrepreneur | D52: https://www.youtube.com/watch?v=lJjILQu2xM8 | E52: Video suggesting a good starting point for thinking about business ideas | F52: Video | G52: KS3; KS4; KS5 | H52: Career Option | I52: Start a Company | J52: Free! | K52: =IF(Resources!$D$8="Any",1,IF(Resources!$D$8="",1,IF(ISERROR(SEARCH(Resources!$D$8,$G52)),"0",1))) -> 1 | L52: =IF(Resources!$D$9="Any",1,IF(Resources!$D$9="",1,IF($J52=Resources!$D$9,1,"0"))) -> 1 | M52: =IF(Resources!$G$8="Any",1,IF(Resources!$G$8="",1,IF(ISERROR(SEARCH(Resources!$G$8,$H52)),"0",1))) -> 1 | N52: =IF(Resources!$G$9="Any",1,IF(Resources!$G$9="",1,IF(ISERROR(SEARCH(Resources!$G$9,$H52)),"0",1))) -> 1 | O52: =IF(Resources!$G$9="Any",1,IF(Resources!$J$8="",1,IF(ISERROR(SEARCH(Resources!$G$9,INDEX(Validation!$I$2:$I$71,MATCH(Resources!$J$8,Validation!$J$2:$J$71,0)))),1,IF(ISERROR(SEARCH(Resources!$J$8,$I52)),"0",1)))) -> 1 | P52: =IF(AND(K52=1,L52=1,M52=1,N52=1,O52=1),1,"0") -> 1
A53: =IF(P53="0",0,MAX(Data!$A$3:A52)+1) -> 51 | B53: Graduate Prospects Ltd | C53: How to become a Counsellor | D53: https://www.prospects.ac.uk/job-profiles/counsellor | E53: Article describing the role of a counsellor, as well as their responsibilities, salary and working hours. | F53: Article; Search Tool | G53: KS4; KS5 | H53: Career Option | I53: Social work and counselling | J53: Free! | K53: =IF(Resources!$D$8="Any",1,IF(Resources!$D$8="",1,IF(ISERROR(SEARCH(Resources!$D$8,$G53)),"0",1))) -> 1 | L53: =IF(Resources!$D$9="Any",1,IF(Resources!$D$9="",1,IF($J53=Resources!$D$9,1,"0"))) -> 1 | M53: =IF(Resources!$G$8="Any",1,IF(Resources!$G$8="",1,IF(ISERROR(SEARCH(Resources!$G$8,$H53)),"0",1))) -> 1 | N53: =IF(Resources!$G$9="Any",1,IF(Resources!$G$9="",1,IF(ISERROR(SEARCH(Resources!$G$9,$H53)),"0",1))) -> 1 | O53: =IF(Resources!$G$9="Any",1,IF(Resources!$J$8="",1,IF(ISERROR(SEARCH(Resources!$G$9,INDEX(Validation!$I$2:$I$71,MATCH(Resources!$J$8,Validation!$J$2:$J$71,0)))),1,IF(ISERROR(SEARCH(Resources!$J$8,$I53)),"0",1)))) -> 1 | P53: =IF(AND(K53=1,L53=1,M53=1,N53=1,O53=1),1,"0") -> 1
A54: =IF(P54="0",0,MAX(Data!$A$3:A53)+1) -> 52 | B54: National Careers Service | C54: How to become a Firefighter | D54: https://nationalcareers.service.gov.uk/job-profiles/firefighter | E54: Article about becoming a firefighter: how to become one, what the role involves, and the career path you can expect. | F54: Article | G54: KS4; KS5 | H54: Career Option | I54: Police, military, security and rescue services | J54: Free! | K54: =IF(Resources!$D$8="Any",1,IF(Resources!$D$8="",1,IF(ISERROR(SEARCH(Resources!$D$8,$G54)),"0",1))) -> 1 | L54: =IF(Resources!$D$9="Any",1,IF(Resources!$D$9="",1,IF($J54=Resources!$D$9,1,"0"))) -> 1 | M54: =IF(Resources!$G$8="Any",1,IF(Resources!$G$8="",1,IF(ISERROR(SEARCH(Resources!$G$8,$H54)),"0",1))) -> 1 | N54: =IF(Resources!$G$9="Any",1,IF(Resources!$G$9="",1,IF(ISERROR(SEARCH(Resources!$G$9,$H54)),"0",1))) -> 1 | O54: =IF(Resources!$G$9="Any",1,IF(Resources!$J$8="",1,IF(ISERROR(SEARCH(Resources!$G$9,INDEX(Validation!$I$2:$I$71,MATCH(Resources!$J$8,Validation!$J$2:$J$71,0)))),1,IF(ISERROR(SEARCH(Resources!$J$8,$I54)),"0",1)))) -> 1 | P54: =IF(AND(K54=1,L54=1,M54=1,N54=1,O54=1),1,"0") -> 1
A55: =IF(P55="0",0,MAX(Data!$A$3:A54)+1) -> 53 | B55: Graduate Prospects Ltd | C55: How to become a Lawyer | D55: https://www.prospects.ac.uk/jobs-and-work-experience/job-sectors/law-sector/how-to-become-a-lawyer | E55: Article outlining the qualifications needed to become a lawyer, and the different types of careers you might take in Law Practice. | F55: Article; Search Tool | G55: KS4; KS5 | H55: Career Option | I55: Law practice | J55: Free! | K55: =IF(Resources!$D$8="Any",1,IF(Resources!$D$8="",1,IF(ISERROR(SEARCH(Resources!$D$8,$G55)),"0",1))) -> 1 | L55: =IF(Resources!$D$9="Any",1,IF(Resources!$D$9="",1,IF($J55=Resources!$D$9,1,"0"))) -> 1 | M55: =IF(Resources!$G$8="Any",1,IF(Resources!$G$8="",1,IF(ISERROR(SEARCH(Resources!$G$8,$H55)),"0",1))) -> 1 | N55: =IF(Resources!$G$9="Any",1,IF(Resources!$G$9="",1,IF(ISERROR(SEARCH(Resources!$G$9,$H55)),"0",1))) -> 1 | O55: =IF(Resources!$G$9="Any",1,IF(Resources!$J$8="",1,IF(ISERROR(SEARCH(Resources!$G$9,INDEX(Validation!$I$2:$I$71,MATCH(Resources!$J$8,Validation!$J$2:$J$71,0)))),1,IF(ISERROR(SEARCH(Resources!$J$8,$I55)),"0",1)))) -> 1 | P55: =IF(AND(K55=1,L55=1,M55=1,N55=1,O55=1),1,"0") -> 1
A56: =IF(P56="0",0,MAX(Data!$A$3:A55)+1) -> 54 | B56: National Careers Service | C56: How to become a Paramedic | D56: https://nationalcareers.service.gov.uk/job-profiles/paramedic | E56: Article about becoming a firefighter: how to become one, what the role involves, and the career path you can expect. | F56: Article | G56: KS4; KS5 | H56: Career Option | I56: Police, military, security and rescue services | J56: Free! | K56: =IF(Resources!$D$8="Any",1,IF(Resources!$D$8="",1,IF(ISERROR(SEARCH(Resources!$D$8,$G56)),"0",1))) -> 1 | L56: =IF(Resources!$D$9="Any",1,IF(Resources!$D$9="",1,IF($J56=Resources!$D$9,1,"0"))) -> 1 | M56: =IF(Resources!$G$8="Any",1,IF(Resources!$G$8="",1,IF(ISERROR(SEARCH(Resources!$G$8,$H56)),"0",1))) -> 1 | N56: =IF(Resources!$G$9="Any",1,IF(Resources!$G$9="",1,IF(ISERROR(SEARCH(Resources!$G$9,$H56)),"0",1))) -> 1 | O56: =IF(Resources!$G$9="Any",1,IF(Resources!$J$8="",1,IF(ISERROR(SEARCH(Resources!$G$9,INDEX(Validation!$I$2:$I$71,MATCH(Resources!$J$8,Validation!$J$2:$J$71,0)))),1,IF(ISERROR(SEARCH(Resources!$J$8,$I56)),"0",1)))) -> 1 | P56: =IF(AND(K56=1,L56=1,M56=1,N56=1,O56=1),1,"0") -> 1
... A72: =IF(P72="0",0,MAX(Data!$A$3:A71)+1) -> 70 | B72: Totaljobs | C72: Milkround - entry level jobs | D72: https://www.milkround.com/jobs/entry-level | E72: Search tool to help you find jobs, either in a specific place or anywhere in the country, which you don't need further education to apply for. | F72: Search Tool | G72: KS4; KS5 | H72: Post-school destination | I72: Get A Job; No idea! | J72: Free! | K72: =IF(Resources!$D$8="Any",1,IF(Resources!$D$8="",1,IF(ISERROR(SEARCH(Resources!$D$8,$G72)),"0",1))) -> 1 | L72: =IF(Resources!$D$9="Any",1,IF(Resources!$D$9="",1,IF($J72=Resources!$D$9,1,"0"))) -> 1 | M72: =IF(Resources!$G$8="Any",1,IF(Resources!$G$8="",1,IF(ISERROR(SEARCH(Resources!$G$8,$H72)),"0",1))) -> 1 | N72: =IF(Resources!$G$9="Any",1,IF(Resources!$G$9="",1,IF(ISERROR(SEARCH(Resources!$G$9,$H72)),"0",1))) -> 1 | O72: =IF(Resources!$G$9="Any",1,IF(Resources!$J$8="",1,IF(ISERROR(SEARCH(Resources!$G$9,INDEX(Validation!$I$2:$I$71,MATCH(Resources!$J$8,Validation!$J$2:$J$71,0)))),1,IF(ISERROR(SEARCH(Resources!$J$8,$I72)),"0",1)))) -> 1 | P72: =IF(AND(K72=1,L72=1,M72=1,N72=1,O72=1),1,"0") -> 1
A73: =IF(P73="0",0,MAX(Data!$A$3:A72)+1) -> 71 | B73: Totaljobs | C73: Milkround School Leavers | D73: https://www.milkround.com/school-leavers/register/ | E73: In Milkround, you can explore possible career options, learn key skills such as CV writing and interview techniques, learn what you need to do in order to qualify for (and succeed in) the jobs you're interested in, and more. | F73: Article; Search Tool | G73: KS4; KS5 | H73: Post-school destination | I73: 0 | J73: Free! | K73: =IF(Resources!$D$8="Any",1,IF(Resources!$D$8="",1,IF(ISERROR(SEARCH(Resources!$D$8,$G73)),"0",1))) -> 1 | L73: =IF(Resources!$D$9="Any",1,IF(Resources!$D$9="",1,IF($J73=Resources!$D$9,1,"0"))) -> 1 | M73: =IF(Resources!$G$8="Any",1,IF(Resources!$G$8="",1,IF(ISERROR(SEARCH(Resources!$G$8,$H73)),"0",1))) -> 1 | N73: =IF(Resources!$G$9="Any",1,IF(Resources!$G$9="",1,IF(ISERROR(SEARCH(Resources!$G$9,$H73)),"0",1))) -> 1 | O73: =IF(Resources!$G$9="Any",1,IF(Resources!$J$8="",1,IF(ISERROR(SEARCH(Resources!$G$9,INDEX(Validation!$I$2:$I$71,MATCH(Resources!$J$8,Validation!$J$2:$J$71,0)))),1,IF(ISERROR(SEARCH(Resources!$J$8,$I73)),"0",1)))) -> 1 | P73: =IF(AND(K73=1,L73=1,M73=1,N73=1,O73=1),1,"0") -> 1
A74: =IF(P74="0",0,MAX(Data!$A$3:A73)+1) -> 72 | B74: Careers and Enterprise Company | C74: My Choices Guide | D74: https://resources.careersandenterprise.co.uk/sites/default/files/2020-08/1377_my_choices_guide-students_final_0_0.pdf | E74: Information about everything to do with your future, such as what to expect on results day, support for jobhunting, further education applications, interview preparation and more! | F74: Article | G74: KS4; KS5 | H74: Post-school destination | I74: 0 | J74: Free! | K74: =IF(Resources!$D$8="Any",1,IF(Resources!$D$8="",1,IF(ISERROR(SEARCH(Resources!$D$8,$G74)),"0",1))) -> 1 | L74: =IF(Resources!$D$9="Any",1,IF(Resources!$D$9="",1,IF($J74=Resources!$D$9,1,"0"))) -> 1 | M74: =IF(Resources!$G$8="Any",1,IF(Resources!$G$8="",1,IF(ISERROR(SEARCH(Resources!$G$8,$H74)),"0",1))) -> 1 | N74: =IF(Resources!$G$9="Any",1,IF(Resources!$G$9="",1,IF(ISERROR(SEARCH(Resources!$G$9,$H74)),"0",1))) -> 1 | O74: =IF(Resources!$G$9="Any",1,IF(Resources!$J$8="",1,IF(ISERROR(SEARCH(Resources!$G$9,INDEX(Validation!$I$2:$I$71,MATCH(Resources!$J$8,Validation!$J$2:$J$71,0)))),1,IF(ISERROR(SEARCH(Resources!$J$8,$I74)),"0",1)))) -> 1 | P74: =IF(AND(K74=1,L74=1,M74=1,N74=1,O74=1),1,"0") -> 1
A75: =IF(P75="0",0,MAX(Data!$A$3:A74)+1) -> 73 | B75: NHS | C75: NHS - Live Well, Eat Well | D75: https://www.nhs.uk/live-well/eat-well/the-eatwell-guide/?tabname=food-and-diet | E75: Learn about what makes a balanced diet, and the most common mistakes people make when choosing what to eat | F75: Article | G75: KS3; KS4; KS5 | H75: Wellbeing | I75: Staying healthy: Lifestyle, diet, and assessing risks; Nutrition | J75: Free! | K75: =IF(Resources!$D$8="Any",1,IF(Resources!$D$8="",1,IF(ISERROR(SEARCH(Resources!$D$8,$G75)),"0",1))) -> 1 | L75: =IF(Resources!$D$9="Any",1,IF(Resources!$D$9="",1,IF($J75=Resources!$D$9,1,"0"))) -> 1 | M75: =IF(Resources!$G$8="Any",1,IF(Resources!$G$8="",1,IF(ISERROR(SEARCH(Resources!$G$8,$H75)),"0",1))) -> 1 | N75: =IF(Resources!$G$9="Any",1,IF(Resources!$G$9="",1,IF(ISERROR(SEARCH(Resources!$G$9,$H75)),"0",1))) -> 1 | O75: =IF(Resources!$G$9="Any",1,IF(Resources!$J$8="",1,IF(ISERROR(SEARCH(Resources!$G$9,INDEX(Validation!$I$2:$I$71,MATCH(Resources!$J$8,Validation!$J$2:$J$71,0)))),1,IF(ISERROR(SEARCH(Resources!$J$8,$I75)),"0",1)))) -> 1 | P75: =IF(AND(K75=1,L75=1,M75=1,N75=1,O75=1),1,"0") -> 1
A76: =IF(P76="0",0,MAX(Data!$A$3:A75)+1) -> 74 | B76: NHS | C76: NHS - The Role of a Social Worker | D76: https://www.healthcareers.nhs.uk/explore-roles/wider-healthcare-team/roles-wider-healthcare-team/clinical-support-staff/social-worker | E76: NHS article on the role of a Social Worker, the entry requirements, and the different paths you could take to become one. | F76: Article; Search Tool | G76: KS4; KS5 | H76: Career Option | I76: Social work and counselling | J76: Free! | K76: =IF(Resources!$D$8="Any",1,IF(Resources!$D$8="",1,IF(ISERROR(SEARCH(Resources!$D$8,$G76)),"0",1))) -> 1 | L76: =IF(Resources!$D$9="Any",1,IF(Resources!$D$9="",1,IF($J76=Resources!$D$9,1,"0"))) -> 1 | M76: =IF(Resources!$G$8="Any",1,IF(Resources!$G$8="",1,IF(ISERROR(SEARCH(Resources!$G$8,$H76)),"0",1))) -> 1 | N76: =IF(Resources!$G$9="Any",1,IF(Resources!$G$9="",1,IF(ISERROR(SEARCH(Resources!$G$9,$H76)),"0",1))) -> 1 | O76: =IF(Resources!$G$9="Any",1,IF(Resources!$J$8="",1,IF(ISERROR(SEARCH(Resources!$G$9,INDEX(Validation!$I$2:$I$71,MATCH(Resources!$J$8,Validation!$J$2:$J$71,0)))),1,IF(ISERROR(SEARCH(Resources!$J$8,$I76)),"0",1)))) -> 1 | P76: =IF(AND(K76=1,L76=1,M76=1,N76=1,O76=1),1,"0") -> 1
A77: =IF(P77="0",0,MAX(Data!$A$3:A76)+1) -> 75 | B77: Prospera Group Ltd | C77: Prospera E-Mentoring | D77: https://prospela.com/ | E77: Online mentoring service covering skills, career advice, and more | F77: Other | G77: KS4; KS5 | H77: Skill; Characteristic | I77: 0 | J77: Free! | K77: =IF(Resources!$D$8="Any",1,IF(Resources!$D$8="",1,IF(ISERROR(SEARCH(Resources!$D$8,$G77)),"0",1))) -> 1 | L77: =IF(Resources!$D$9="Any",1,IF(Resources!$D$9="",1,IF($J77=Resources!$D$9,1,"0"))) -> 1 | M77: =IF(Resources!$G$8="Any",1,IF(Resources!$G$8="",1,IF(ISERROR(SEARCH(Resources!$G$8,$H77)),"0",1))) -> 1 | N77: =IF(Resources!$G$9="Any",1,IF(Resources!$G$9="",1,IF(ISERROR(SEARCH(Resources!$G$9,$H77)),"0",1))) -> 1 | O77: =IF(Resources!$G$9="Any",1,IF(Resources!$J$8="",1,IF(ISERROR(SEARCH(Resources!$G$9,INDEX(Validation!$I$2:$I$71,MATCH(Resources!$J$8,Validation!$J$2:$J$71,0)))),1,IF(ISERROR(SEARCH(Resources!$J$8,$I77)),"0",1)))) -> 1 | P77: =IF(AND(K77=1,L77=1,M77=1,N77=1,O77=1),1,"0") -> 1
A78: =IF(P78="0",0,MAX(Data!$A$3:A77)+1) -> 76 | B78: Not Going to Uni | C78: Not Going to Uni | D78: https://www.notgoingtouni.co.uk/ | E78: If you're considering an apprenticeship, or if you're not sure what you want to do when you finish school, this site is for you. Suggested activity: Go onto the website and search for apprenticeships which you think look interesting. Read up on what they offer and what their requirements are, then talk to a teacher or family member about it. | F78: Article; Search Tool | G78: KS4; KS5 | H78: Post-school destination | I78: Apprenticeship | J78: Free! | K78: =IF(Resources!$D$8="Any",1,IF(Resources!$D$8="",1,IF(ISERROR(SEARCH(Resources!$D$8,$G78)),"0",1))) -> 1 | L78: =IF(Resources!$D$9="Any",1,IF(Resources!$D$9="",1,IF($J78=Resources!$D$9,1,"0"))) -> 1 | M78: =IF(Resources!$G$8="Any",1,IF(Resources!$G$8="",1,IF(ISERROR(SEARCH(Resources!$G$8,$H78)),"0",1))) -> 1 | N78: =IF(Resources!$G$9="Any",1,IF(Resources!$G$9="",1,IF(ISERROR(SEARCH(Resources!$G$9,$H78)),"0",1))) -> 1 | O78: =IF(Resources!$G$9="Any",1,IF(Resources!$J$8="",1,IF(ISERROR(SEARCH(Resources!$G$9,INDEX(Validation!$I$2:$I$71,MATCH(Resources!$J$8,Validation!$J$2:$J$71,0)))),1,IF(ISERROR(SEARCH(Resources!$J$8,$I78)),"0",1)))) -> 1 | P78: =IF(AND(K78=1,L78=1,M78=1,N78=1,O78=1),1,"0") -> 1
A79: =IF(P79="0",0,MAX(Data!$A$3:A78)+1) -> 77 | B79: British Nutrition Foundation | C79: Nutrition.org - Nutrition Information for Teenagers | D79: https://www.nutrition.org.uk/healthyliving/lifestages/teenagers.html?limitstart=0 | E79: Website offering teenager-focused diet advice, including information about weight and diabetes and some top tips for eating healthily | F79: Article | G79: KS4; KS5 | H79: Wellbeing | I79: Staying healthy: Lifestyle, diet, and assessing risks; Nutrition | J79: Free! | K79: =IF(Resources!$D$8="Any",1,IF(Resources!$D$8="",1,IF(ISERROR(SEARCH(Resources!$D$8,$G79)),"0",1))) -> 1 | L79: =IF(Resources!$D$9="Any",1,IF(Resources!$D$9="",1,IF($J79=Resources!$D$9,1,"0"))) -> 1 | M79: =IF(Resources!$G$8="Any",1,IF(Resources!$G$8="",1,IF(ISERROR(SEARCH(Resources!$G$8,$H79)),"0",1))) -> 1 | N79: =IF(Resources!$G$9="Any",1,IF(Resources!$G$9="",1,IF(ISERROR(SEARCH(Resources!$G$9,$H79)),"0",1))) -> 1 | O79: =IF(Resources!$G$9="Any",1,IF(Resources!$J$8="",1,IF(ISERROR(SEARCH(Resources!$G$9,INDEX(Validation!$I$2:$I$71,MATCH(Resources!$J$8,Validation!$J$2:$J$71,0)))),1,IF(ISERROR(SEARCH(Resources!$J$8,$I79)),"0",1)))) -> 1 | P79: =IF(AND(K79=1,L79=1,M79=1,N79=1,O79=1),1,"0") -> 1
A80: =IF(P80="0",0,MAX(Data!$A$3:A79)+1) -> 78 | B80: Anna Freud Centre | C80: Online Chat/Peer Group Support | D80: https://www.annafreud.org/on-my-mind/self-care/online-chat-or-peer-group-support/ | E80: This page explains why talking about things can be valuable, and links to a number of safe, free and reliable resources you can use to find someone to talk to. | F80: Article; Search Tool | G80: KS4; KS5 | H80: Wellbeing; Knowledge | I80: Mental and emotional wellbeing; Someone to talk to; Staying safe | J80: Free! | K80: =IF(Resources!$D$8="Any",1,IF(Resources!$D$8="",1,IF(ISERROR(SEARCH(Resources!$D$8,$G80)),"0",1))) -> 1 | L80: =IF(Resources!$D$9="Any",1,IF(Resources!$D$9="",1,IF($J80=Resources!$D$9,1,"0"))) -> 1 | M80: =IF(Resources!$G$8="Any",1,IF(Resources!$G$8="",1,IF(ISERROR(SEARCH(Resources!$G$8,$H80)),"0",1))) -> 1 | N80: =IF(Resources!$G$9="Any",1,IF(Resources!$G$9="",1,IF(ISERROR(SEARCH(Resources!$G$9,$H80)),"0",1))) -> 1 | O80: =IF(Resources!$G$9="Any",1,IF(Resources!$J$8="",1,IF(ISERROR(SEARCH(Resources!$G$9,INDEX(Validation!$I$2:$I$71,MATCH(Resources!$J$8,Validation!$J$2:$J$71,0)))),1,IF(ISERROR(SEARCH(Resources!$J$8,$I80)),"0",1)))) -> 1 | P80: =IF(AND(K80=1,L80=1,M80=1,N80=1,O80=1),1,"0") -> 1
A81: =IF(P81="0",0,MAX(Data!$A$3:A80)+1) -> 79 | B81: Panjango | C81: Panjango | D81: https://panjango.com/pages/career-paths-quiz | E81: Answer some simple questions about the things you like to do in order to find out what types of careers might suit your personality and skills. | F81: Game/Quiz | G81: KS3; KS4 | H81: Career Option | I81: 0 | J81: Free! | K81: =IF(Resources!$D$8="Any",1,IF(Resources!$D$8="",1,IF(ISERROR(SEARCH(Resources!$D$8,$G81)),"0",1))) -> 1 | L81: =IF(Resources!$D$9="Any",1,IF(Resources!$D$9="",1,IF($J81=Resources!$D$9,1,"0"))) -> 1 | M81: =IF(Resources!$G$8="Any",1,IF(Resources!$G$8="",1,IF(ISERROR(SEARCH(Resources!$G$8,$H81)),"0",1))) -> 1 | N81: =IF(Resources!$G$9="Any",1,IF(Resources!$G$9="",1,IF(ISERROR(SEARCH(Resources!$G$9,$H81)),"0",1))) -> 1 | O81: =IF(Resources!$G$9="Any",1,IF(Resources!$J$8="",1,IF(ISERROR(SEARCH(Resources!$G$9,INDEX(Validation!$I$2:$I$71,MATCH(Resources!$J$8,Validation!$J$2:$J$71,0)))),1,IF(ISERROR(SEARCH(Resources!$J$8,$I81)),"0",1)))) -> 1 | P81: =IF(AND(K81=1,L81=1,M81=1,N81=1,O81=1),1,"0") -> 1
A82: =IF(P82="0",0,MAX(Data!$A$3:A81)+1) -> 80 | B82: AccessEd | C82: Reach Uni | D82: https://www.access-ed.ngo/reachuni | E82: Reach Uni is a 3-step course during which you will explore your options at university, stretch your skills and experiences, and learn how to apply | F82: Online Course; Video; Article | G82: KS5 | H82: Post-school destination | I82: University | J82: Free! | K82: =IF(Resources!$D$8="Any",1,IF(Resources!$D$8="",1,IF(ISERROR(SEARCH(Resources!$D$8,$G82)),"0",1))) -> 1 | L82: =IF(Resources!$D$9="Any",1,IF(Resources!$D$9="",1,IF($J82=Resources!$D$9,1,"0"))) -> 1 | M82: =IF(Resources!$G$8="Any",1,IF(Resources!$G$8="",1,IF(ISERROR(SEARCH(Resources!$G$8,$H82)),"0",1))) -> 1 | N82: =IF(Resources!$G$9="Any",1,IF(Resources!$G$9="",1,IF(ISERROR(SEARCH(Resources!$G$9,$H82)),"0",1))) -> 1 | O82: =IF(Resources!$G$9="Any",1,IF(Resources!$J$8="",1,IF(ISERROR(SEARCH(Resources!$G$9,INDEX(Validation!$I$2:$I$71,MATCH(Resources!$J$8,Validation!$J$2:$J$71,0)))),1,IF(ISERROR(SEARCH(Resources!$J$8,$I82)),"0",1)))) -> 1 | P82: =IF(AND(K82=1,L82=1,M82=1,N82=1,O82=1),1,"0") -> 1
A83: =IF(P83="0",0,MAX(Data!$A$3:A82)+1) -> 81 | B83: MeeTwo Education Ltd | C83: Meetwo | D83: https://www.meetwo.co.uk/ | E83: App where you can post questions - and share solutions - on wellbeing topics. Meetwo is unique because you can share how you feel in both words and pictures | F83: Other | G83: KS4; KS5 | H83: Characteristic; Skill; Knowledge; Wellbeing | I83: Mental and emotional wellbeing; Self-awareness; Communication; Openness and tolerance; Kindness and compassion; Calmness; Creativity | J83: Free! | K83: =IF(Resources!$D$8="Any",1,IF(Resources!$D$8="",1,IF(ISERROR(SEARCH(Resources!$D$8,$G83)),"0",1))) -> 1 | L83: =IF(Resources!$D$9="Any",1,IF(Resources!$D$9="",1,IF($J83=Resources!$D$9,1,"0"))) -> 1 | M83: =IF(Resources!$G$8="Any",1,IF(Resources!$G$8="",1,IF(ISERROR(SEARCH(Resources!$G$8,$H83)),"0",1))) -> 1 | N83: =IF(Resources!$G$9="Any",1,IF(Resources!$G$9="",1,IF(ISERROR(SEARCH(Resources!$G$9,$H83)),"0",1))) -> 1 | O83: =IF(Resources!$G$9="Any",1,IF(Resources!$J$8="",1,IF(ISERROR(SEARCH(Resources!$G$9,INDEX(Validation!$I$2:$I$71,MATCH(Resources!$J$8,Validation!$J$2:$J$71,0)))),1,IF(ISERROR(SEARCH(Resources!$J$8,$I83)),"0",1)))) -> 1 | P83: =IF(AND(K83=1,L83=1,M83=1,N83=1,O83=1),1,"0") -> 1
A84: =IF(P84="0",0,MAX(Data!$A$3:A83)+1) -> 82 | B84: Education and Employers | C84: I Could | D84: https://icould.com/ | E84: Website where you can explore the careers available across different areas and hear testimonials and advice from people in those careers | F84: Lots!; Video; Article; Search Tool | G84: KS4; KS5 | H84: Career option | I84: 0 | J84: Free! | K84: =IF(Resources!$D$8="Any",1,IF(Resources!$D$8="",1,IF(ISERROR(SEARCH(Resources!$D$8,$G84)),"0",1))) -> 1 | L84: =IF(Resources!$D$9="Any",1,IF(Resources!$D$9="",1,IF($J84=Resources!$D$9,1,"0"))) -> 1 | M84: =IF(Resources!$G$8="Any",1,IF(Resources!$G$8="",1,IF(ISERROR(SEARCH(Resources!$G$8,$H84)),"0",1))) -> 1 | N84: =IF(Resources!$G$9="Any",1,IF(Resources!$G$9="",1,IF(ISERROR(SEARCH(Resources!$G$9,$H84)),"0",1))) -> 1 | O84: =IF(Resources!$G$9="Any",1,IF(Resources!$J$8="",1,IF(ISERROR(SEARCH(Resources!$G$9,INDEX(Validation!$I$2:$I$71,MATCH(Resources!$J$8,Validation!$J$2:$J$71,0)))),1,IF(ISERROR(SEARCH(Resources!$J$8,$I84)),"0",1)))) -> 1 | P84: =IF(AND(K84=1,L84=1,M84=1,N84=1,O84=1),1,"0") -> 1
A85: =IF(P85="0",0,MAX(Data!$A$3:A84)+1) -> 83 | B85: Prince's Trust | C85: Prince's Trust - Business Plans | D85: https://www.princes-trust.org.uk/help-for-young-people/tools-resources/business-tools/business-plans | E85: Information about how to create a business plan, and templates to help you get started | F85: Article; Other | G85: KS4; KS5 | H85: Skill; Post-school destination | I85: Start a Company | J85: Free! | K85: =IF(Resources!$D$8="Any",1,IF(Resources!$D$8="",1,IF(ISERROR(SEARCH(Resources!$D$8,$G85)),"0",1))) -> 1 | L85: =IF(Resources!$D$9="Any",1,IF(Resources!$D$9="",1,IF($J85=Resources!$D$9,1,"0"))) -> 1 | M85: =IF(Resources!$G$8="Any",1,IF(Resources!$G$8="",1,IF(ISERROR(SEARCH(Resources!$G$8,$H85)),"0",1))) -> 1 | N85: =IF(Resources!$G$9="Any",1,IF(Resources!$G$9="",1,IF(ISERROR(SEARCH(Resources!$G$9,$H85)),"0",1))) -> 1 | O85: =IF(Resources!$G$9="Any",1,IF(Resources!$J$8="",1,IF(ISERROR(SEARCH(Resources!$G$9,INDEX(Validation!$I$2:$I$71,MATCH(Resources!$J$8,Validation!$J$2:$J$71,0)))),1,IF(ISERROR(SEARCH(Resources!$J$8,$I85)),"0",1)))) -> 1 | P85: =IF(AND(K85=1,L85=1,M85=1,N85=1,O85=1),1,"0") -> 1
A86: =IF(P86="0",0,MAX(Data!$A$3:A85)+1) -> 84 | B86: CTVC Ltd | C86: True Tube - The Earth | D86: https://www.truetube.co.uk/list?content%20types=films&category=the%20earth&page=1& | E86: True Tube is a collection of videos, often featuring children and young adults just like you, talking about complicated and important issues | F86: Video | G86: KS3; KS4; KS5 | H86: Knowledge | I86: The Environment | J86: Free! | K86: =IF(Resources!$D$8="Any",1,IF(Resources!$D$8="",1,IF(ISERROR(SEARCH(Resources!$D$8,$G86)),"0",1))) -> 1 | L86: =IF(Resources!$D$9="Any",1,IF(Resources!$D$9="",1,IF($J86=Resources!$D$9,1,"0"))) -> 1 | M86: =IF(Resources!$G$8="Any",1,IF(Resources!$G$8="",1,IF(ISERROR(SEARCH(Resources!$G$8,$H86)),"0",1))) -> 1 | N86: =IF(Resources!$G$9="Any",1,IF(Resources!$G$9="",1,IF(ISERROR(SEARCH(Resources!$G$9,$H86)),"0",1))) -> 1 | O86: =IF(Resources!$G$9="Any",1,IF(Resources!$J$8="",1,IF(ISERROR(SEARCH(Resources!$G$9,INDEX(Validation!$I$2:$I$71,MATCH(Resources!$J$8,Validation!$J$2:$J$71,0)))),1,IF(ISERROR(SEARCH(Resources!$J$8,$I86)),"0",1)))) -> 1 | P86: =IF(AND(K86=1,L86=1,M86=1,N86=1,O86=1),1,"0") -> 1
A87: =IF(P87="0",0,MAX(Data!$A$3:A86)+1) -> 85 | B87: Graduate Prospects Ltd | C87: Property and Construction Jobs | D87: https://www.prospects.ac.uk/jobs-and-work-experience/job-sectors/property-and-construction/property-and-construction-jobs | E87: Article outlining some of the different jobs available in Property and Construction. Clicking on the links in this page will take you to a more detailed description of the roles listed. | F87: Article; Search Tool | G87: KS4; KS5 | H87: Career option | I87: Property, construction and architecture; Engineering and manufacturing | J87: Free! | K87: =IF(Resources!$D$8="Any",1,IF(Resources!$D$8="",1,IF(ISERROR(SEARCH(Resources!$D$8,$G87)),"0",1))) -> 1 | L87: =IF(Resources!$D$9="Any",1,IF(Resources!$D$9="",1,IF($J87=Resources!$D$9,1,"0"))) -> 1 | M87: =IF(Resources!$G$8="Any",1,IF(Resources!$G$8="",1,IF(ISERROR(SEARCH(Resources!$G$8,$H87)),"0",1))) -> 1 | N87: =IF(Resources!$G$9="Any",1,IF(Resources!$G$9="",1,IF(ISERROR(SEARCH(Resources!$G$9,$H87)),"0",1))) -> 1 | O87: =IF(Resources!$G$9="Any",1,IF(Resources!$J$8="",1,IF(ISERROR(SEARCH(Resources!$G$9,INDEX(Validation!$I$2:$I$71,MATCH(Resources!$J$8,Validation!$J$2:$J$71,0)))),1,IF(ISERROR(SEARCH(Resources!$J$8,$I87)),"0",1)))) -> 1 | P87: =IF(AND(K87=1,L87=1,M87=1,N87=1,O87=1),1,"0") -> 1
A88: =IF(P88="0",0,MAX(Data!$A$3:A87)+1) -> 86 | B88: Unicef | C88: Protecting Your Mental Health During the Coronavirus Pandemic | D88: https://www.unicef.org/coronavirus/how-teenagers-can-protect-their-mental-health-during-coronavirus-covid-19 | E88: Advice on managing stress and anxiety during quarantine, and suggestions for how to cope. | F88: Article | G88: KS3; KS4; KS5 | H88: Wellbeing | I88: Mental and emotional wellbeing | J88: Free! | K88: =IF(Resources!$D$8="Any",1,IF(Resources!$D$8="",1,IF(ISERROR(SEARCH(Resources!$D$8,$G88)),"0",1))) -> 1 | L88: =IF(Resources!$D$9="Any",1,IF(Resources!$D$9="",1,IF($J88=Resources!$D$9,1,"0"))) -> 1 | M88: =IF(Resources!$G$8="Any",1,IF(Resources!$G$8="",1,IF(ISERROR(SEARCH(Resources!$G$8,$H88)),"0",1))) -> 1 | N88: =IF(Resources!$G$9="Any",1,IF(Resources!$G$9="",1,IF(ISERROR(SEARCH(Resources!$G$9,$H88)),"0",1))) -> 1 | O88: =IF(Resources!$G$9="Any",1,IF(Resources!$J$8="",1,IF(ISERROR(SEARCH(Resources!$G$9,INDEX(Validation!$I$2:$I$71,MATCH(Resources!$J$8,Validation!$J$2:$J$71,0)))),1,IF(ISERROR(SEARCH(Resources!$J$8,$I88)),"0",1)))) -> 1 | P88: =IF(AND(K88=1,L88=1,M88=1,N88=1,O88=1),1,"0") -> 1
A89: =IF(P89="0",0,MAX(Data!$A$3:A88)+1) -> 87 | B89: U-Explore Limited | C89: Start Profile | D89: https://www.startprofile.com/ | E89: Start is a free, online careers platform designed to help you explore career paths and work independently towards the ones which interest you | F89: Game/Quiz; Other | G89: KS4; KS5 | H89: Career Option | I89: 0 | J89: Free! | K89: =IF(Resources!$D$8="Any",1,IF(Resources!$D$8="",1,IF(ISERROR(SEARCH(Resources!$D$8,$G89)),"0",1))) -> 1 | L89: =IF(Resources!$D$9="Any",1,IF(Resources!$D$9="",1,IF($J89=Resources!$D$9,1,"0"))) -> 1 | M89: =IF(Resources!$G$8="Any",1,IF(Resources!$G$8="",1,IF(ISERROR(SEARCH(Resources!$G$8,$H89)),"0",1))) -> 1 | N89: =IF(Resources!$G$9="Any",1,IF(Resources!$G$9="",1,IF(ISERROR(SEARCH(Resources!$G$9,$H89)),"0",1))) -> 1 | O89: =IF(Resources!$G$9="Any",1,IF(Resources!$J$8="",1,IF(ISERROR(SEARCH(Resources!$G$9,INDEX(Validation!$I$2:$I$71,MATCH(Resources!$J$8,Validation!$J$2:$J$71,0)))),1,IF(ISERROR(SEARCH(Resources!$J$8,$I89)),"0",1)))) -> 1 | P89: =IF(AND(K89=1,L89=1,M89=1,N89=1,O89=1),1,"0") -> 1
A90: =IF(P90="0",0,MAX(Data!$A$3:A89)+1) -> 88 | B90: NHS | C90: Step Into The NHS | D90: https://www.stepintothenhs.nhs.uk/careers/videos/apprenticeships | E90: Step into the NHS is a series of videos, stories and guides from people who work for the NHS, about their roles, the impacts they're having, and what you can expect if you pursue a similar career | F90: Lots!; Video; Article | G90: KS3; KS4; KS5 | H90: Career Option | I90: Healthcare | J90: Free! | K90: =IF(Resources!$D$8="Any",1,IF(Resources!$D$8="",1,IF(ISERROR(SEARCH(Resources!$D$8,$G90)),"0",1))) -> 1 | L90: =IF(Resources!$D$9="Any",1,IF(Resources!$D$9="",1,IF($J90=Resources!$D$9,1,"0"))) -> 1 | M90: =IF(Resources!$G$8="Any",1,IF(Resources!$G$8="",1,IF(ISERROR(SEARCH(Resources!$G$8,$H90)),"0",1))) -> 1 | N90: =IF(Resources!$G$9="Any",1,IF(Resources!$G$9="",1,IF(ISERROR(SEARCH(Resources!$G$9,$H90)),"0",1))) -> 1 | O90: =IF(Resources!$G$9="Any",1,IF(Resources!$J$8="",1,IF(ISERROR(SEARCH(Resources!$G$9,INDEX(Validation!$I$2:$I$71,MATCH(Resources!$J$8,Validation!$J$2:$J$71,0)))),1,IF(ISERROR(SEARCH(Resources!$J$8,$I90)),"0",1)))) -> 1 | P90: =IF(AND(K90=1,L90=1,M90=1,N90=1,O90=1),1,"0") -> 1
A91: =IF(P91="0",0,MAX(Data!$A$3:A90)+1) -> 89 | B91: Graduate Prospects Ltd | C91: Public health careers | D91: prospects.ac.uk/jobs-and-work-experience/job-sectors/healthcare/public-health-careers | E91: Article explaining some of the different careers available in public health, and the steps involving in starting those careers. | F91: Article; Search Tool | G91: KS4; KS5 | H91: Career Option | I91: Healthcare; Politics and public service | J91: Free! | K91: =IF(Resources!$D$8="Any",1,IF(Resources!$D$8="",1,IF(ISERROR(SEARCH(Resources!$D$8,$G91)),"0",1))) -> 1 | L91: =IF(Resources!$D$9="Any",1,IF(Resources!$D$9="",1,IF($J91=Resources!$D$9,1,"0"))) -> 1 | M91: =IF(Resources!$G$8="Any",1,IF(Resources!$G$8="",1,IF(ISERROR(SEARCH(Resources!$G$8,$H91)),"0",1))) -> 1 | N91: =IF(Resources!$G$9="Any",1,IF(Resources!$G$9="",1,IF(ISERROR(SEARCH(Resources!$G$9,$H91)),"0",1))) -> 1 | O91: =IF(Resources!$G$9="Any",1,IF(Resources!$J$8="",1,IF(ISERROR(SEARCH(Resources!$G$9,INDEX(Validation!$I$2:$I$71,MATCH(Resources!$J$8,Validation!$J$2:$J$71,0)))),1,IF(ISERROR(SEARCH(Resources!$J$8,$I91)),"0",1)))) -> 1 | P91: =IF(AND(K91=1,L91=1,M91=1,N91=1,O91=1),1,"0") -> 1
A92: =IF(P92="0",0,MAX(Data!$A$3:A91)+1) -> 90 | B92: Google | C92: Google Collection - Arts and Culture | D92: https://artsandculture.google.com/partner | E92: Experience art and culture from around the world in a series of virtual tours and online exhibitions from over 100 museums | F92: Lots!; Video; Other | G92: KS3; KS4; KS5 | H92: Knowledge | I92: Different cultures, beliefs and opinions | J92: Free! | K92: =IF(Resources!$D$8="Any",1,IF(Resources!$D$8="",1,IF(ISERROR(SEARCH(Resources!$D$8,$G92)),"0",1))) -> 1 | L92: =IF(Resources!$D$9="Any",1,IF(Resources!$D$9="",1,IF($J92=Resources!$D$9,1,"0"))) -> 1 | M92: =IF(Resources!$G$8="Any",1,IF(Resources!$G$8="",1,IF(ISERROR(SEARCH(Resources!$G$8,$H92)),"0",1))) -> 1 | N92: =IF(Resources!$G$9="Any",1,IF(Resources!$G$9="",1,IF(ISERROR(SEARCH(Resources!$G$9,$H92)),"0",1))) -> 1 | O92: =IF(Resources!$G$9="Any",1,IF(Resources!$J$8="",1,IF(ISERROR(SEARCH(Resources!$G$9,INDEX(Validation!$I$2:$I$71,MATCH(Resources!$J$8,Validation!$J$2:$J$71,0)))),1,IF(ISERROR(SEARCH(Resources!$J$8,$I92)),"0",1)))) -> 1 | P92: =IF(AND(K92=1,L92=1,M92=1,N92=1,O92=1),1,"0") -> 1
A93: =IF(P93="0",0,MAX(Data!$A$3:A92)+1) -> 91 | B93: Google | C93: Google Open Heritage | D93: https://artsandculture.google.com/project/openheritage | E93: Explore cultural locations and artifacts in 3D, learn about the restoration process, and explore cultural sites in street view | F93: Lots!; Article; Video; Other | G93: KS3; KS4; KS5 | H93: Knowledge | I93: Different cultures, beliefs and opinions | J93: Free! | K93: =IF(Resources!$D$8="Any",1,IF(Resources!$D$8="",1,IF(ISERROR(SEARCH(Resources!$D$8,$G93)),"0",1))) -> 1 | L93: =IF(Resources!$D$9="Any",1,IF(Resources!$D$9="",1,IF($J93=Resources!$D$9,1,"0"))) -> 1 | M93: =IF(Resources!$G$8="Any",1,IF(Resources!$G$8="",1,IF(ISERROR(SEARCH(Resources!$G$8,$H93)),"0",1))) -> 1 | N93: =IF(Resources!$G$9="Any",1,IF(Resources!$G$9="",1,IF(ISERROR(SEARCH(Resources!$G$9,$H93)),"0",1))) -> 1 | O93: =IF(Resources!$G$9="Any",1,IF(Resources!$J$8="",1,IF(ISERROR(SEARCH(Resources!$G$9,INDEX(Validation!$I$2:$I$71,MATCH(Resources!$J$8,Validation!$J$2:$J$71,0)))),1,IF(ISERROR(SEARCH(Resources!$J$8,$I93)),"0",1)))) -> 1 | P93: =IF(AND(K93=1,L93=1,M93=1,N93=1,O93=1),1,"0") -> 1
A94: =IF(P94="0",0,MAX(Data!$A$3:A93)+1) -> 92 | B94: CGP Grey | C94: Self-Development: Themes vs Goals | D94: https://www.youtube.com/watch?v=NVGuFdX5guE | E94: Video explaining why most people have trouble sticking to their new years' resolutions, and suggesting an alternative which might work better for you: Themes | F94: Video | G94: KS4; KS5 | H94: Characteristic | I94: Self-development; Persistence; Organisation | J94: Free! | K94: =IF(Resources!$D$8="Any",1,IF(Resources!$D$8="",1,IF(ISERROR(SEARCH(Resources!$D$8,$G94)),"0",1))) -> 1 | L94: =IF(Resources!$D$9="Any",1,IF(Resources!$D$9="",1,IF($J94=Resources!$D$9,1,"0"))) -> 1 | M94: =IF(Resources!$G$8="Any",1,IF(Resources!$G$8="",1,IF(ISERROR(SEARCH(Resources!$G$8,$H94)),"0",1))) -> 1 | N94: =IF(Resources!$G$9="Any",1,IF(Resources!$G$9="",1,IF(ISERROR(SEARCH(Resources!$G$9,$H94)),"0",1))) -> 1 | O94: =IF(Resources!$G$9="Any",1,IF(Resources!$J$8="",1,IF(ISERROR(SEARCH(Resources!$G$9,INDEX(Validation!$I$2:$I$71,MATCH(Resources!$J$8,Validation!$J$2:$J$71,0)))),1,IF(ISERROR(SEARCH(Resources!$J$8,$I94)),"0",1)))) -> 1 | P94: =IF(AND(K94=1,L94=1,M94=1,N94=1,O94=1),1,"0") -> 1
A95: =IF(P95="0",0,MAX(Data!$A$3:A94)+1) -> 93 | B95: The Student Ladder | C95: Student Ladder - Work Experience | D95: https://www.studentladder.co.uk/work-experience/ | E95: Offers information about work experience, available work experience opportunities, career options and scholarships | F95: Article; Search Tool | G95: KS4; KS5 | H95: Skill | I95: Work Experience | J95: Free! | K95: =IF(Resources!$D$8="Any",1,IF(Resources!$D$8="",1,IF(ISERROR(SEARCH(Resources!$D$8,$G95)),"0",1))) -> 1 | L95: =IF(Resources!$D$9="Any",1,IF(Resources!$D$9="",1,IF($J95=Resources!$D$9,1,"0"))) -> 1 | M95: =IF(Resources!$G$8="Any",1,IF(Resources!$G$8="",1,IF(ISERROR(SEARCH(Resources!$G$8,$H95)),"0",1))) -> 1 | N95: =IF(Resources!$G$9="Any",1,IF(Resources!$G$9="",1,IF(ISERROR(SEARCH(Resources!$G$9,$H95)),"0",1))) -> 1 | O95: =IF(Resources!$G$9="Any",1,IF(Resources!$J$8="",1,IF(ISERROR(SEARCH(Resources!$G$9,INDEX(Validation!$I$2:$I$71,MATCH(Resources!$J$8,Validation!$J$2:$J$71,0)))),1,IF(ISERROR(SEARCH(Resources!$J$8,$I95)),"0",1)))) -> 1 | P95: =IF(AND(K95=1,L95=1,M95=1,N95=1,O95=1),1,"0") -> 1
A96: =IF(P96="0",0,MAX(Data!$A$3:A95)+1) -> 94 | B96: Mission.org (Via Medium.com) | C96: Honesty: How it benefits you and others | D96: https://medium.com/the-mission/honesty-how-it-benefits-you-and-others-ecb3e7fabb9a | E96: Article outlining the importance and benefits of honesty; from better health to a more successful career | F96: Article | G96: KS4; KS5 | H96: Characteristic | I96: Honesty; Self-awareness | J96: Free Trial | K96: =IF(Resources!$D$8="Any",1,IF(Resources!$D$8="",1,IF(ISERROR(SEARCH(Resources!$D$8,$G96)),"0",1))) -> 1 | L96: =IF(Resources!$D$9="Any",1,IF(Resources!$D$9="",1,IF($J96=Resources!$D$9,1,"0"))) -> 1 | M96: =IF(Resources!$G$8="Any",1,IF(Resources!$G$8="",1,IF(ISERROR(SEARCH(Resources!$G$8,$H96)),"0",1))) -> 1 | N96: =IF(Resources!$G$9="Any",1,IF(Resources!$G$9="",1,IF(ISERROR(SEARCH(Resources!$G$9,$H96)),"0",1))) -> 1 | O96: =IF(Resources!$G$9="Any",1,IF(Resources!$J$8="",1,IF(ISERROR(SEARCH(Resources!$G$9,INDEX(Validation!$I$2:$I$71,MATCH(Resources!$J$8,Validation!$J$2:$J$71,0)))),1,IF(ISERROR(SEARCH(Resources!$J$8,$I96)),"0",1)))) -> 1 | P96: =IF(AND(K96=1,L96=1,M96=1,N96=1,O96=1),1,"0") -> 1
A97: =IF(P97="0",0,MAX(Data!$A$3:A96)+1) -> 95 | B97: Young Enterprise | C97: Student Loans Decoded | D97: https://www.young-enterprise.org.uk/resources/student-loans-decoded/ | E97: Video series with accompanying activities which will teach you everything you need to know about student finance, from the cost of university to how student loans are paid back | F97: Online Course; Video | G97: KS4; KS5 | H97: Post-school destination | I97: Managing your finances; University | J97: Free! | K97: =IF(Resources!$D$8="Any",1,IF(Resources!$D$8="",1,IF(ISERROR(SEARCH(Resources!$D$8,$G97)),"0",1))) -> 1 | L97: =IF(Resources!$D$9="Any",1,IF(Resources!$D$9="",1,IF($J97=Resources!$D$9,1,"0"))) -> 1 | M97: =IF(Resources!$G$8="Any",1,IF(Resources!$G$8="",1,IF(ISERROR(SEARCH(Resources!$G$8,$H97)),"0",1))) -> 1 | N97: =IF(Resources!$G$9="Any",1,IF(Resources!$G$9="",1,IF(ISERROR(SEARCH(Resources!$G$9,$H97)),"0",1))) -> 1 | O97: =IF(Resources!$G$9="Any",1,IF(Resources!$J$8="",1,IF(ISERROR(SEARCH(Resources!$G$9,INDEX(Validation!$I$2:$I$71,MATCH(Resources!$J$8,Validation!$J$2:$J$71,0)))),1,IF(ISERROR(SEARCH(Resources!$J$8,$I97)),"0",1)))) -> 1 | P97: =IF(AND(K97=1,L97=1,M97=1,N97=1,O97=1),1,"0") -> 1
A98: =IF(P98="0",0,MAX(Data!$A$3:A97)+1) -> 96 | B98: GTI Media | C98: Target Careers - Careers in Sports | D98: https://targetcareers.co.uk/careers-advice/choosing-your-career/1034364-careers-in-sports | E98: Offers information about the possible career paths in Sport, Health and Fitness, what the different roles involve, and what you need to do in order to get a job in the area you're interested in | F98: Article | G98: KS4; KS5 | H98: Career option | I98: Get a Job; Sport, health and fitness | J98: Free! | K98: =IF(Resources!$D$8="Any",1,IF(Resources!$D$8="",1,IF(ISERROR(SEARCH(Resources!$D$8,$G98)),"0",1))) -> 1 | L98: =IF(Resources!$D$9="Any",1,IF(Resources!$D$9="",1,IF($J98=Resources!$D$9,1,"0"))) -> 1 | M98: =IF(Resources!$G$8="Any",1,IF(Resources!$G$8="",1,IF(ISERROR(SEARCH(Resources!$G$8,$H98)),"0",1))) -> 1 | N98: =IF(Resources!$G$9="Any",1,IF(Resources!$G$9="",1,IF(ISERROR(SEARCH(Resources!$G$9,$H98)),"0",1))) -> 1 | O98: =IF(Resources!$G$9="Any",1,IF(Resources!$J$8="",1,IF(ISERROR(SEARCH(Resources!$G$9,INDEX(Validation!$I$2:$I$71,MATCH(Resources!$J$8,Validation!$J$2:$J$71,0)))),1,IF(ISERROR(SEARCH(Resources!$J$8,$I98)),"0",1)))) -> 1 | P98: =IF(AND(K98=1,L98=1,M98=1,N98=1,O98=1),1,"0") -> 1
A99: =IF(P99="0",0,MAX(Data!$A$3:A98)+1) -> 97 | B99: GTI Media | C99: Target Careers - Creative Careers | D99: https://targetcareers.co.uk/career-sectors/arts-and-creative | E99: Articles about creative careers and how to get into them, from creative writing to film production. | F99: Article; Search Tool | G99: KS4; KS5 | H99: Career Option | I99: Creative arts, design and fashion; Marketing, media and PR; Music and performing arts; Creativity | J99: Free! | K99: =IF(Resources!$D$8="Any",1,IF(Resources!$D$8="",1,IF(ISERROR(SEARCH(Resources!$D$8,$G99)),"0",1))) -> 1 | L99: =IF(Resources!$D$9="Any",1,IF(Resources!$D$9="",1,IF($J99=Resources!$D$9,1,"0"))) -> 1 | M99: =IF(Resources!$G$8="Any",1,IF(Resources!$G$8="",1,IF(ISERROR(SEARCH(Resources!$G$8,$H99)),"0",1))) -> 1 | N99: =IF(Resources!$G$9="Any",1,IF(Resources!$G$9="",1,IF(ISERROR(SEARCH(Resources!$G$9,$H99)),"0",1))) -> 1 | O99: =IF(Resources!$G$9="Any",1,IF(Resources!$J$8="",1,IF(ISERROR(SEARCH(Resources!$G$9,INDEX(Validation!$I$2:$I$71,MATCH(Resources!$J$8,Validation!$J$2:$J$71,0)))),1,IF(ISERROR(SEARCH(Resources!$J$8,$I99)),"0",1)))) -> 1 | P99: =IF(AND(K99=1,L99=1,M99=1,N99=1,O99=1),1,"0") -> 1
A100: =IF(P100="0",0,MAX(Data!$A$3:A99)+1) -> 98 | B100: GTI Media | C100: Target Careers - Marketing & PR | D100: https://targetcareers.co.uk/career-sectors/arts-and-creative/1014327-careers-as-a-copywriter-or-content-writer | E100: Article explaining what a marketing/PR writer does, what skills you'll need, and how to become one | F100: Article; Search Tool | G100: KS4; KS5 | H100: Skill | I100: Marketing, media and PR; Creativity | J100: Free! | K100: =IF(Resources!$D$8="Any",1,IF(Resources!$D$8="",1,IF(ISERROR(SEARCH(Resources!$D$8,$G100)),"0",1))) -> 1 | L100: =IF(Resources!$D$9="Any",1,IF(Resources!$D$9="",1,IF($J100=Resources!$D$9,1,"0"))) -> 1 | M100: =IF(Resources!$G$8="Any",1,IF(Resources!$G$8="",1,IF(ISERROR(SEARCH(Resources!$G$8,$H100)),"0",1))) -> 1 | N100: =IF(Resources!$G$9="Any",1,IF(Resources!$G$9="",1,IF(ISERROR(SEARCH(Resources!$G$9,$H100)),"0",1))) -> 1 | O100: =IF(Resources!$G$9="Any",1,IF(Resources!$J$8="",1,IF(ISERROR(SEARCH(Resources!$G$9,INDEX(Validation!$I$2:$I$71,MATCH(Resources!$J$8,Validation!$J$2:$J$71,0)))),1,IF(ISERROR(SEARCH(Resources!$J$8,$I100)),"0",1)))) -> 1 | P100: =IF(AND(K100=1,L100=1,M100=1,N100=1,O100=1),1,"0") -> 1
A101: =IF(P101="0",0,MAX(Data!$A$3:A100)+1) -> 99 | B101: Year Out Group | C101: Planning your Gap Year | D101: https://yearoutgroup.org/gap-year-advice-planning/gap-year-options/ | E101: Article outlining some of the common options for spending a gap year, such as volunteering, travelling, and work placements | F101: Lots!; Article; Video; Search Tool | G101: KS5 | H101: Post-school destination | I101: Gap Year | J101: Free! | K101: =IF(Resources!$D$8="Any",1,IF(Resources!$D$8="",1,IF(ISERROR(SEARCH(Resources!$D$8,$G101)),"0",1))) -> 1 | L101: =IF(Resources!$D$9="Any",1,IF(Resources!$D$9="",1,IF($J101=Resources!$D$9,1,"0"))) -> 1 | M101: =IF(Resources!$G$8="Any",1,IF(Resources!$G$8="",1,IF(ISERROR(SEARCH(Resources!$G$8,$H101)),"0",1))) -> 1 | N101: =IF(Resources!$G$9="Any",1,IF(Resources!$G$9="",1,IF(ISERROR(SEARCH(Resources!$G$9,$H101)),"0",1))) -> 1 | O101: =IF(Resources!$G$9="Any",1,IF(Resources!$J$8="",1,IF(ISERROR(SEARCH(Resources!$G$9,INDEX(Validation!$I$2:$I$71,MATCH(Resources!$J$8,Validation!$J$2:$J$71,0)))),1,IF(ISERROR(SEARCH(Resources!$J$8,$I101)),"0",1)))) -> 1 | P101: =IF(AND(K101=1,L101=1,M101=1,N101=1,O101=1),1,"0") -> 1
... A106: =IF(P106="0",0,MAX(Data!$A$3:A105)+1) -> 104 | B106: TED | C106: Ted Ed: How to Spot a Fad Diet | D106: https://www.youtube.com/watch?v=8V15Z-yyiVg | E106: Video about Fad Diets: Why they often don't work, and how to spot them | F106: Video | G106: KS3; KS4; KS5 | H106: Wellbeing | I106: Staying healthy: Lifestyle, diet, and assessing risks; Nutrition | J106: Free! | K106: =IF(Resources!$D$8="Any",1,IF(Resources!$D$8="",1,IF(ISERROR(SEARCH(Resources!$D$8,$G106)),"0",1))) -> 1 | L106: =IF(Resources!$D$9="Any",1,IF(Resources!$D$9="",1,IF($J106=Resources!$D$9,1,"0"))) -> 1 | M106: =IF(Resources!$G$8="Any",1,IF(Resources!$G$8="",1,IF(ISERROR(SEARCH(Resources!$G$8,$H106)),"0",1))) -> 1 | N106: =IF(Resources!$G$9="Any",1,IF(Resources!$G$9="",1,IF(ISERROR(SEARCH(Resources!$G$9,$H106)),"0",1))) -> 1 | O106: =IF(Resources!$G$9="Any",1,IF(Resources!$J$8="",1,IF(ISERROR(SEARCH(Resources!$G$9,INDEX(Validation!$I$2:$I$71,MATCH(Resources!$J$8,Validation!$J$2:$J$71,0)))),1,IF(ISERROR(SEARCH(Resources!$J$8,$I106)),"0",1)))) -> 1 | P106: =IF(AND(K106=1,L106=1,M106=1,N106=1,O106=1),1,"0") -> 1
A107: =IF(P107="0",0,MAX(Data!$A$3:A106)+1) -> 105 | B107: Youth Employment UK CIC | C107: Professional Training for Young People | D107: https://www.youthemployment.org.uk/young-professional-training/ | E107: Informative article, opportunities from employers and organisations, and a newsletter featuring skills and life hacks - all targeted and young people | F107: Lots!; Search Tool; Other | G107: KS4; KS5 | H107: Skill | I107: 0 | J107: Free! | K107: =IF(Resources!$D$8="Any",1,IF(Resources!$D$8="",1,IF(ISERROR(SEARCH(Resources!$D$8,$G107)),"0",1))) -> 1 | L107: =IF(Resources!$D$9="Any",1,IF(Resources!$D$9="",1,IF($J107=Resources!$D$9,1,"0"))) -> 1 | M107: =IF(Resources!$G$8="Any",1,IF(Resources!$G$8="",1,IF(ISERROR(SEARCH(Resources!$G$8,$H107)),"0",1))) -> 1 | N107: =IF(Resources!$G$9="Any",1,IF(Resources!$G$9="",1,IF(ISERROR(SEARCH(Resources!$G$9,$H107)),"0",1))) -> 1 | O107: =IF(Resources!$G$9="Any",1,IF(Resources!$J$8="",1,IF(ISERROR(SEARCH(Resources!$G$9,INDEX(Validation!$I$2:$I$71,MATCH(Resources!$J$8,Validation!$J$2:$J$71,0)))),1,IF(ISERROR(SEARCH(Resources!$J$8,$I107)),"0",1)))) -> 1 | P107: =IF(AND(K107=1,L107=1,M107=1,N107=1,O107=1),1,"0") -> 1
A108: =IF(P108="0",0,MAX(Data!$A$3:A107)+1) -> 106 | B108: GTI Media | C108: The Big Guide to CV Writing | D108: https://targetjobs.co.uk/careers-advice/applications-and-cvs/667275-the-big-guide-to-cv-writing-make-our-template-your-own | E108: Guidance on CV writing, and free templates to help you get started. | F108: Article | G108: KS4; KS5 | H108: Post-school destination; Skill | I108: 0 | J108: Free! | K108: =IF(Resources!$D$8="Any",1,IF(Resources!$D$8="",1,IF(ISERROR(SEARCH(Resources!$D$8,$G108)),"0",1))) -> 1 | L108: =IF(Resources!$D$9="Any",1,IF(Resources!$D$9="",1,IF($J108=Resources!$D$9,1,"0"))) -> 1 | M108: =IF(Resources!$G$8="Any",1,IF(Resources!$G$8="",1,IF(ISERROR(SEARCH(Resources!$G$8,$H108)),"0",1))) -> 1 | N108: =IF(Resources!$G$9="Any",1,IF(Resources!$G$9="",1,IF(ISERROR(SEARCH(Resources!$G$9,$H108)),"0",1))) -> 1 | O108: =IF(Resources!$G$9="Any",1,IF(Resources!$J$8="",1,IF(ISERROR(SEARCH(Resources!$G$9,INDEX(Validation!$I$2:$I$71,MATCH(Resources!$J$8,Validation!$J$2:$J$71,0)))),1,IF(ISERROR(SEARCH(Resources!$J$8,$I108)),"0",1)))) -> 1 | P108: =IF(AND(K108=1,L108=1,M108=1,N108=1,O108=1),1,"0") -> 1
A109: =IF(P109="0",0,MAX(Data!$A$3:A108)+1) -> 107 | B109: The Student Room | C109: The Student Room | D109: https://www.thestudentroom.co.uk/ | E109: The Student Room offers advice and discussion forums on study help, which A levels to choose, university applications, career options, and what you need to do to get the career you want. | F109: Lots!; Article; Community; Other | G109: KS4; KS5 | H109: Post-school destination | I109: 0 | J109: Free! | K109: =IF(Resources!$D$8="Any",1,IF(Resources!$D$8="",1,IF(ISERROR(SEARCH(Resources!$D$8,$G109)),"0",1))) -> 1 | L109: =IF(Resources!$D$9="Any",1,IF(Resources!$D$9="",1,IF($J109=Resources!$D$9,1,"0"))) -> 1 | M109: =IF(Resources!$G$8="Any",1,IF(Resources!$G$8="",1,IF(ISERROR(SEARCH(Resources!$G$8,$H109)),"0",1))) -> 1 | N109: =IF(Resources!$G$9="Any",1,IF(Resources!$G$9="",1,IF(ISERROR(SEARCH(Resources!$G$9,$H109)),"0",1))) -> 1 | O109: =IF(Resources!$G$9="Any",1,IF(Resources!$J$8="",1,IF(ISERROR(SEARCH(Resources!$G$9,INDEX(Validation!$I$2:$I$71,MATCH(Resources!$J$8,Validation!$J$2:$J$71,0)))),1,IF(ISERROR(SEARCH(Resources!$J$8,$I109)),"0",1)))) -> 1 | P109: =IF(AND(K109=1,L109=1,M109=1,N109=1,O109=1),1,"0") -> 1
A110: =IF(P110="0",0,MAX(Data!$A$3:A109)+1) -> 108 | B110: The Student Room | C110: The Student Room - Things you should know before starting college | D110: https://www.thestudentroom.co.uk/a-level/advice/things-you-should-know-before-starting-college | E110: A quick read which breaks down some of the biggest differences between school and college, and how to make sure you get off to the best possible start. | F110: Article | G110: KS4; KS5 | H110: Post-school destination | I110: College (Full Time); College (Part Time) | J110: Free! | K110: =IF(Resources!$D$8="Any",1,IF(Resources!$D$8="",1,IF(ISERROR(SEARCH(Resources!$D$8,$G110)),"0",1))) -> 1 | L110: =IF(Resources!$D$9="Any",1,IF(Resources!$D$9="",1,IF($J110=Resources!$D$9,1,"0"))) -> 1 | M110: =IF(Resources!$G$8="Any",1,IF(Resources!$G$8="",1,IF(ISERROR(SEARCH(Resources!$G$8,$H110)),"0",1))) -> 1 | N110: =IF(Resources!$G$9="Any",1,IF(Resources!$G$9="",1,IF(ISERROR(SEARCH(Resources!$G$9,$H110)),"0",1))) -> 1 | O110: =IF(Resources!$G$9="Any",1,IF(Resources!$J$8="",1,IF(ISERROR(SEARCH(Resources!$G$9,INDEX(Validation!$I$2:$I$71,MATCH(Resources!$J$8,Validation!$J$2:$J$71,0)))),1,IF(ISERROR(SEARCH(Resources!$J$8,$I110)),"0",1)))) -> 1 | P110: =IF(AND(K110=1,L110=1,M110=1,N110=1,O110=1),1,"0") -> 1
A111: =IF(P111="0",0,MAX(Data!$A$3:A110)+1) -> 109 | B111: The Student Room | C111: The Uni Guide | D111: https://www.theuniguide.co.uk/ | E111: The Uni guide will help you to understand: the degrees on offer at universities; which university is right for you; which grades you need in which subjects to get in; personal statements; applying and preparing for university, and more. | F111: Lots!; Article; Search Tool; Game/Quiz | G111: KS4; KS5 | H111: Post-school destination | I111: University | J111: Free! | K111: =IF(Resources!$D$8="Any",1,IF(Resources!$D$8="",1,IF(ISERROR(SEARCH(Resources!$D$8,$G111)),"0",1))) -> 1 | L111: =IF(Resources!$D$9="Any",1,IF(Resources!$D$9="",1,IF($J111=Resources!$D$9,1,"0"))) -> 1 | M111: =IF(Resources!$G$8="Any",1,IF(Resources!$G$8="",1,IF(ISERROR(SEARCH(Resources!$G$8,$H111)),"0",1))) -> 1 | N111: =IF(Resources!$G$9="Any",1,IF(Resources!$G$9="",1,IF(ISERROR(SEARCH(Resources!$G$9,$H111)),"0",1))) -> 1 | O111: =IF(Resources!$G$9="Any",1,IF(Resources!$J$8="",1,IF(ISERROR(SEARCH(Resources!$G$9,INDEX(Validation!$I$2:$I$71,MATCH(Resources!$J$8,Validation!$J$2:$J$71,0)))),1,IF(ISERROR(SEARCH(Resources!$J$8,$I111)),"0",1)))) -> 1 | P111: =IF(AND(K111=1,L111=1,M111=1,N111=1,O111=1),1,"0") -> 1
A112: =IF(P112="0",0,MAX(Data!$A$3:A111)+1) -> 110 | B112: Kaspersky Lab | C112: Top 10 Internet Safety Rules | D112: https://usa.kaspersky.com/resource-center/preemptive-safety/top-10-internet-safety-rules-and-what-not-to-do-online | E112: Some more technical advice on surfing the web safely and avoiding becoming a victim of cybercrime | F112: Article | G112: KS4; KS5 | H112: Knowledge | I112: Staying safe; Digital Life | J112: Free! | K112: =IF(Resources!$D$8="Any",1,IF(Resources!$D$8="",1,IF(ISERROR(SEARCH(Resources!$D$8,$G112)),"0",1))) -> 1 | L112: =IF(Resources!$D$9="Any",1,IF(Resources!$D$9="",1,IF($J112=Resources!$D$9,1,"0"))) -> 1 | M112: =IF(Resources!$G$8="Any",1,IF(Resources!$G$8="",1,IF(ISERROR(SEARCH(Resources!$G$8,$H112)),"0",1))) -> 1 | N112: =IF(Resources!$G$9="Any",1,IF(Resources!$G$9="",1,IF(ISERROR(SEARCH(Resources!$G$9,$H112)),"0",1))) -> 1 | O112: =IF(Resources!$G$9="Any",1,IF(Resources!$J$8="",1,IF(ISERROR(SEARCH(Resources!$G$9,INDEX(Validation!$I$2:$I$71,MATCH(Resources!$J$8,Validation!$J$2:$J$71,0)))),1,IF(ISERROR(SEARCH(Resources!$J$8,$I112)),"0",1)))) -> 1 | P112: =IF(AND(K112=1,L112=1,M112=1,N112=1,O112=1),1,"0") -> 1
A113: =IF(P113="0",0,MAX(Data!$A$3:A112)+1) -> 111 | B113: GTI Media | C113: Top ten non-office jobs | D113: https://targetcareers.co.uk/careers-advice/choosing-your-career/1035367-ten-top-non-office-jobs | E113: Article providing some ideas for alternative careers which don't involve working in an office, such as Zookeeper, Photographer, Outdoor instructor, and more. | F113: Article; Search Tool | G113: KS4; KS5 | H113: Career Option | I113: No idea! | J113: Free! | K113: =IF(Resources!$D$8="Any",1,IF(Resources!$D$8="",1,IF(ISERROR(SEARCH(Resources!$D$8,$G113)),"0",1))) -> 1 | L113: =IF(Resources!$D$9="Any",1,IF(Resources!$D$9="",1,IF($J113=Resources!$D$9,1,"0"))) -> 1 | M113: =IF(Resources!$G$8="Any",1,IF(Resources!$G$8="",1,IF(ISERROR(SEARCH(Resources!$G$8,$H113)),"0",1))) -> 1 | N113: =IF(Resources!$G$9="Any",1,IF(Resources!$G$9="",1,IF(ISERROR(SEARCH(Resources!$G$9,$H113)),"0",1))) -> 1 | O113: =IF(Resources!$G$9="Any",1,IF(Resources!$J$8="",1,IF(ISERROR(SEARCH(Resources!$G$9,INDEX(Validation!$I$2:$I$71,MATCH(Resources!$J$8,Validation!$J$2:$J$71,0)))),1,IF(ISERROR(SEARCH(Resources!$J$8,$I113)),"0",1)))) -> 1 | P113: =IF(AND(K113=1,L113=1,M113=1,N113=1,O113=1),1,"0") -> 1
A114: =IF(P114="0",0,MAX(Data!$A$3:A113)+1) -> 112 | B114: Graduate Prospects Ltd | C114: Travel and Tourism courses and careers | D114: https://www.prospects.ac.uk/jobs-and-work-experience/job-sectors/leisure-sport-and-tourism/travel-and-tourism-courses | E114: Article explaining the different routes into a career in Travel and Tourism, through university degrees, apprenticeships, and professional qualifications. | F114: Article; Search Tool | G114: KS4; KS5 | H114: Post-school destination; Career Option | I114: Leisure and tourism; University; Apprenticeship; College (Full Time); College (Part Time) | J114: Free! | K114: =IF(Resources!$D$8="Any",1,IF(Resources!$D$8="",1,IF(ISERROR(SEARCH(Resources!$D$8,$G114)),"0",1))) -> 1 | L114: =IF(Resources!$D$9="Any",1,IF(Resources!$D$9="",1,IF($J114=Resources!$D$9,1,"0"))) -> 1 | M114: =IF(Resources!$G$8="Any",1,IF(Resources!$G$8="",1,IF(ISERROR(SEARCH(Resources!$G$8,$H114)),"0",1))) -> 1 | N114: =IF(Resources!$G$9="Any",1,IF(Resources!$G$9="",1,IF(ISERROR(SEARCH(Resources!$G$9,$H114)),"0",1))) -> 1 | O114: =IF(Resources!$G$9="Any",1,IF(Resources!$J$8="",1,IF(ISERROR(SEARCH(Resources!$G$9,INDEX(Validation!$I$2:$I$71,MATCH(Resources!$J$8,Validation!$J$2:$J$71,0)))),1,IF(ISERROR(SEARCH(Resources!$J$8,$I114)),"0",1)))) -> 1 | P114: =IF(AND(K114=1,L114=1,M114=1,N114=1,O114=1),1,"0") -> 1
A115: =IF(P115="0",0,MAX(Data!$A$3:A114)+1) -> 113 | B115: GTI Media | C115: Types of Careers in Law | D115: https://targetcareers.co.uk/career-sectors/law/192-what-types-of-jobs-and-employers-are-there-in-law | E115: Article explaining the different types of lawyers, and what you can expect from a career as each | F115: Article; Search Tool | G115: KS4; KS5 | H115: Career Option | I115: Law practice; Ambition | J115: Free! | K115: =IF(Resources!$D$8="Any",1,IF(Resources!$D$8="",1,IF(ISERROR(SEARCH(Resources!$D$8,$G115)),"0",1))) -> 1 | L115: =IF(Resources!$D$9="Any",1,IF(Resources!$D$9="",1,IF($J115=Resources!$D$9,1,"0"))) -> 1 | M115: =IF(Resources!$G$8="Any",1,IF(Resources!$G$8="",1,IF(ISERROR(SEARCH(Resources!$G$8,$H115)),"0",1))) -> 1 | N115: =IF(Resources!$G$9="Any",1,IF(Resources!$G$9="",1,IF(ISERROR(SEARCH(Resources!$G$9,$H115)),"0",1))) -> 1 | O115: =IF(Resources!$G$9="Any",1,IF(Resources!$J$8="",1,IF(ISERROR(SEARCH(Resources!$G$9,INDEX(Validation!$I$2:$I$71,MATCH(Resources!$J$8,Validation!$J$2:$J$71,0)))),1,IF(ISERROR(SEARCH(Resources!$J$8,$I115)),"0",1)))) -> 1 | P115: =IF(AND(K115=1,L115=1,M115=1,N115=1,O115=1),1,"0") -> 1
A116: =IF(P116="0",0,MAX(Data!$A$3:A115)+1) -> 114 | B116: UCAS | C116: UCAS - Apprenticeships | D116: https://www.ucas.com/apprenticeships-uk | E116: UCAS is not just an organisation for people who want to go to university! They also have lots of resources on apprenticeships, such as: - What an apprenticeship is, and what it involves - What you'll be doing if you choose to do an apprenticeship - Which apprenticeships are available, and what careers you can go into following one - How to get onto an apprenticeship | F116: Article; Search Tool | G116: KS4; KS5 | H116: Post-school destination | I116: Apprenticeship | J116: Free! | K116: =IF(Resources!$D$8="Any",1,IF(Resources!$D$8="",1,IF(ISERROR(SEARCH(Resources!$D$8,$G116)),"0",1))) -> 1 | L116: =IF(Resources!$D$9="Any",1,IF(Resources!$D$9="",1,IF($J116=Resources!$D$9,1,"0"))) -> 1 | M116: =IF(Resources!$G$8="Any",1,IF(Resources!$G$8="",1,IF(ISERROR(SEARCH(Resources!$G$8,$H116)),"0",1))) -> 1 | N116: =IF(Resources!$G$9="Any",1,IF(Resources!$G$9="",1,IF(ISERROR(SEARCH(Resources!$G$9,$H116)),"0",1))) -> 1 | O116: =IF(Resources!$G$9="Any",1,IF(Resources!$J$8="",1,IF(ISERROR(SEARCH(Resources!$G$9,INDEX(Validation!$I$2:$I$71,MATCH(Resources!$J$8,Validation!$J$2:$J$71,0)))),1,IF(ISERROR(SEARCH(Resources!$J$8,$I116)),"0",1)))) -> 1 | P116: =IF(AND(K116=1,L116=1,M116=1,N116=1,O116=1),1,"0") -> 1
A117: =IF(P117="0",0,MAX(Data!$A$3:A116)+1) -> 115 | B117: UCAS | C117: UCAS - Counselling and Social Services | D117: https://www.ucas.com/job-families/counselling-and-social-services | E117: Article listing some of the different careers you might choose in Counselling and Social Services. Clicking on the links in this page will take you to more detailed descriptions of the roles listed, and what you need to do to start a career there. | F117: Article; Search Tool | G117: KS4; KS5 | H117: Post-school destination; Career Option | I117: Social work and counselling | J117: Free! | K117: =IF(Resources!$D$8="Any",1,IF(Resources!$D$8="",1,IF(ISERROR(SEARCH(Resources!$D$8,$G117)),"0",1))) -> 1 | L117: =IF(Resources!$D$9="Any",1,IF(Resources!$D$9="",1,IF($J117=Resources!$D$9,1,"0"))) -> 1 | M117: =IF(Resources!$G$8="Any",1,IF(Resources!$G$8="",1,IF(ISERROR(SEARCH(Resources!$G$8,$H117)),"0",1))) -> 1 | N117: =IF(Resources!$G$9="Any",1,IF(Resources!$G$9="",1,IF(ISERROR(SEARCH(Resources!$G$9,$H117)),"0",1))) -> 1 | O117: =IF(Resources!$G$9="Any",1,IF(Resources!$J$8="",1,IF(ISERROR(SEARCH(Resources!$G$9,INDEX(Validation!$I$2:$I$71,MATCH(Resources!$J$8,Validation!$J$2:$J$71,0)))),1,IF(ISERROR(SEARCH(Resources!$J$8,$I117)),"0",1)))) -> 1 | P117: =IF(AND(K117=1,L117=1,M117=1,N117=1,O117=1),1,"0") -> 1
A118: =IF(P118="0",0,MAX(Data!$A$3:A117)+1) -> 116 | B118: UCAS | C118: UCAS - Student Finance | D118: https://www.ucas.com/money | E118: Learn about student loans, bursaries, scholarships, and how to manage your money at university | F118: Article | G118: KS4; KS5 | H118: Knowledge; Post-school destination | I118: University; Managing your finances | J118: Free! | K118: =IF(Resources!$D$8="Any",1,IF(Resources!$D$8="",1,IF(ISERROR(SEARCH(Resources!$D$8,$G118)),"0",1))) -> 1 | L118: =IF(Resources!$D$9="Any",1,IF(Resources!$D$9="",1,IF($J118=Resources!$D$9,1,"0"))) -> 1 | M118: =IF(Resources!$G$8="Any",1,IF(Resources!$G$8="",1,IF(ISERROR(SEARCH(Resources!$G$8,$H118)),"0",1))) -> 1 | N118: =IF(Resources!$G$9="Any",1,IF(Resources!$G$9="",1,IF(ISERROR(SEARCH(Resources!$G$9,$H118)),"0",1))) -> 1 | O118: =IF(Resources!$G$9="Any",1,IF(Resources!$J$8="",1,IF(ISERROR(SEARCH(Resources!$G$9,INDEX(Validation!$I$2:$I$71,MATCH(Resources!$J$8,Validation!$J$2:$J$71,0)))),1,IF(ISERROR(SEARCH(Resources!$J$8,$I118)),"0",1)))) -> 1 | P118: =IF(AND(K118=1,L118=1,M118=1,N118=1,O118=1),1,"0") -> 1
A119: =IF(P119="0",0,MAX(Data!$A$3:A118)+1) -> 117 | B119: UCAS | C119: UCAS - University | D119: https://www.ucas.com/undergraduate | E119: UCAS will help you to explore: what and where to study if you want to go to university; what your other options are if you don't want to go to university; how student finance works; what to expect on results day; and more. | F119: Article; Search Tool | G119: KS4; KS5 | H119: Post-school destination | I119: University | J119: Free! | K119: =IF(Resources!$D$8="Any",1,IF(Resources!$D$8="",1,IF(ISERROR(SEARCH(Resources!$D$8,$G119)),"0",1))) -> 1 | L119: =IF(Resources!$D$9="Any",1,IF(Resources!$D$9="",1,IF($J119=Resources!$D$9,1,"0"))) -> 1 | M119: =IF(Resources!$G$8="Any",1,IF(Resources!$G$8="",1,IF(ISERROR(SEARCH(Resources!$G$8,$H119)),"0",1))) -> 1 | N119: =IF(Resources!$G$9="Any",1,IF(Resources!$G$9="",1,IF(ISERROR(SEARCH(Resources!$G$9,$H119)),"0",1))) -> 1 | O119: =IF(Resources!$G$9="Any",1,IF(Resources!$J$8="",1,IF(ISERROR(SEARCH(Resources!$G$9,INDEX(Validation!$I$2:$I$71,MATCH(Resources!$J$8,Validation!$J$2:$J$71,0)))),1,IF(ISERROR(SEARCH(Resources!$J$8,$I119)),"0",1)))) -> 1 | P119: =IF(AND(K119=1,L119=1,M119=1,N119=1,O119=1),1,"0") -> 1
A120: =IF(P120="0",0,MAX(Data!$A$3:A119)+1) -> 118 | B120: Google | C120: Virtual Museum Tours | D120: https://artsandculture.google.com/story/igKSKBBnEBSGKg?hl=en | E120: Google offers virtual tours of museums in New York, Paris, Seoul, Berlin, Amsterdam, São Paulo, London, Florence, Mexico City and Los Angeles | F120: Lots!; Video; Other | G120: KS3; KS4; KS5 | H120: Knowledge | I120: Different cultures, beliefs and opinions | J120: Free! | K120: =IF(Resources!$D$8="Any",1,IF(Resources!$D$8="",1,IF(ISERROR(SEARCH(Resources!$D$8,$G120)),"0",1))) -> 1 | L120: =IF(Resources!$D$9="Any",1,IF(Resources!$D$9="",1,IF($J120=Resources!$D$9,1,"0"))) -> 1 | M120: =IF(Resources!$G$8="Any",1,IF(Resources!$G$8="",1,IF(ISERROR(SEARCH(Resources!$G$8,$H120)),"0",1))) -> 1 | N120: =IF(Resources!$G$9="Any",1,IF(Resources!$G$9="",1,IF(ISERROR(SEARCH(Resources!$G$9,$H120)),"0",1))) -> 1 | O120: =IF(Resources!$G$9="Any",1,IF(Resources!$J$8="",1,IF(ISERROR(SEARCH(Resources!$G$9,INDEX(Validation!$I$2:$I$71,MATCH(Resources!$J$8,Validation!$J$2:$J$71,0)))),1,IF(ISERROR(SEARCH(Resources!$J$8,$I120)),"0",1)))) -> 1 | P120: =IF(AND(K120=1,L120=1,M120=1,N120=1,O120=1),1,"0") -> 1
A121: =IF(P121="0",0,MAX(Data!$A$3:A120)+1) -> 119 | B121: Barclays PLC | C121: I Want to Choose My Next Step | D121: https://barclayslifeskills.com/i-want-to-choose-my-next-step/school | E121: If you're not sure what you want to do as a career or are considering your options, this site has a number of videos, quizzes and articles to help you find a path that's right for you | F121: Lots!; Video; Article; Game/Quiz | G121: KS4; KS5 | H121: Post-school destination | I121: No Idea! | J121: Free! | K121: =IF(Resources!$D$8="Any",1,IF(Resources!$D$8="",1,IF(ISERROR(SEARCH(Resources!$D$8,$G121)),"0",1))) -> 1 | L121: =IF(Resources!$D$9="Any",1,IF(Resources!$D$9="",1,IF($J121=Resources!$D$9,1,"0"))) -> 1 | M121: =IF(Resources!$G$8="Any",1,IF(Resources!$G$8="",1,IF(ISERROR(SEARCH(Resources!$G$8,$H121)),"0",1))) -> 1 | N121: =IF(Resources!$G$9="Any",1,IF(Resources!$G$9="",1,IF(ISERROR(SEARCH(Resources!$G$9,$H121)),"0",1))) -> 1 | O121: =IF(Resources!$G$9="Any",1,IF(Resources!$J$8="",1,IF(ISERROR(SEARCH(Resources!$G$9,INDEX(Validation!$I$2:$I$71,MATCH(Resources!$J$8,Validation!$J$2:$J$71,0)))),1,IF(ISERROR(SEARCH(Resources!$J$8,$I121)),"0",1)))) -> 1 | P121: =IF(AND(K121=1,L121=1,M121=1,N121=1,O121=1),1,"0") -> 1
... A156: =IF(P156="0",0,MAX(Data!$A$3:A155)+1) -> 154 | B156: Young Minds | C156: Young Minds - Anger | D156: https://youngminds.org.uk/find-help/feelings-and-symptoms/anger/ | E156: Advice about feelings of anger and aggression: why you might feel them, how they can affect you, and some ways of managing them and keeping calm | F156: Article | G156: KS3; KS4; KS5 | H156: Characteristic | I156: Mental and emotional wellbeing; Calmness | J156: Free! | K156: =IF(Resources!$D$8="Any",1,IF(Resources!$D$8="",1,IF(ISERROR(SEARCH(Resources!$D$8,$G156)),"0",1))) -> 1 | L156: =IF(Resources!$D$9="Any",1,IF(Resources!$D$9="",1,IF($J156=Resources!$D$9,1,"0"))) -> 1 | M156: =IF(Resources!$G$8="Any",1,IF(Resources!$G$8="",1,IF(ISERROR(SEARCH(Resources!$G$8,$H156)),"0",1))) -> 1 | N156: =IF(Resources!$G$9="Any",1,IF(Resources!$G$9="",1,IF(ISERROR(SEARCH(Resources!$G$9,$H156)),"0",1))) -> 1 | O156: =IF(Resources!$G$9="Any",1,IF(Resources!$J$8="",1,IF(ISERROR(SEARCH(Resources!$G$9,INDEX(Validation!$I$2:$I$71,MATCH(Resources!$J$8,Validation!$J$2:$J$71,0)))),1,IF(ISERROR(SEARCH(Resources!$J$8,$I156)),"0",1)))) -> 1 | P156: =IF(AND(K156=1,L156=1,M156=1,N156=1,O156=1),1,"0") -> 1
A157: =IF(P157="0",0,MAX(Data!$A$3:A156)+1) -> 155 | B157: The Day News & Media Ltd | C157: The Day: News to Open Minds | D157: https://theday.co.uk/ | E157: An accessible online news source targeted at young people | F157: Article; Search Tool | G157: KS3; KS4; KS5 | H157: Knowledge | I157: 0 | J157: Free Trial | K157: =IF(Resources!$D$8="Any",1,IF(Resources!$D$8="",1,IF(ISERROR(SEARCH(Resources!$D$8,$G157)),"0",1))) -> 1 | L157: =IF(Resources!$D$9="Any",1,IF(Resources!$D$9="",1,IF($J157=Resources!$D$9,1,"0"))) -> 1 | M157: =IF(Resources!$G$8="Any",1,IF(Resources!$G$8="",1,IF(ISERROR(SEARCH(Resources!$G$8,$H157)),"0",1))) -> 1 | N157: =IF(Resources!$G$9="Any",1,IF(Resources!$G$9="",1,IF(ISERROR(SEARCH(Resources!$G$9,$H157)),"0",1))) -> 1 | O157: =IF(Resources!$G$9="Any",1,IF(Resources!$J$8="",1,IF(ISERROR(SEARCH(Resources!$G$9,INDEX(Validation!$I$2:$I$71,MATCH(Resources!$J$8,Validation!$J$2:$J$71,0)))),1,IF(ISERROR(SEARCH(Resources!$J$8,$I157)),"0",1)))) -> 1 | P157: =IF(AND(K157=1,L157=1,M157=1,N157=1,O157=1),1,"0") -> 1
A158: =IF(P158="0",0,MAX(Data!$A$3:A157)+1) -> 156 | B158: FutureLearn Limited | C158: Thinking About Teaching | D158: https://www.futurelearn.com/courses/thinking-about-teaching | E158: Want to know what life as a teacher is really like? This course goes into more detail about the job and lifestyle | F158: Online Course | G158: KS4; KS5 | H158: Career Option | I158: Teaching and education | J158: Free (Premium Option) | K158: =IF(Resources!$D$8="Any",1,IF(Resources!$D$8="",1,IF(ISERROR(SEARCH(Resources!$D$8,$G158)),"0",1))) -> 1 | L158: =IF(Resources!$D$9="Any",1,IF(Resources!$D$9="",1,IF($J158=Resources!$D$9,1,"0"))) -> 1 | M158: =IF(Resources!$G$8="Any",1,IF(Resources!$G$8="",1,IF(ISERROR(SEARCH(Resources!$G$8,$H158)),"0",1))) -> 1 | N158: =IF(Resources!$G$9="Any",1,IF(Resources!$G$9="",1,IF(ISERROR(SEARCH(Resources!$G$9,$H158)),"0",1))) -> 1 | O158: =IF(Resources!$G$9="Any",1,IF(Resources!$J$8="",1,IF(ISERROR(SEARCH(Resources!$G$9,INDEX(Validation!$I$2:$I$71,MATCH(Resources!$J$8,Validation!$J$2:$J$71,0)))),1,IF(ISERROR(SEARCH(Resources!$J$8,$I158)),"0",1)))) -> 1 | P158: =IF(AND(K158=1,L158=1,M158=1,N158=1,O158=1),1,"0") -> 1
A159: =IF(P159="0",0,MAX(Data!$A$3:A158)+1) -> 157 | B159: Young Minds | C159: Young Minds - Anxiety | D159: https://youngminds.org.uk/find-help/conditions/anxiety/ | E159: Advice about Anxiety: what it is; the symptoms; the options for coping with it; and where you can get help if you need it | F159: Article | G159: KS3; KS4; KS5 | H159: Characteristic; Wellbeing | I159: Mental and emotional wellbeing; Calmness; Self-esteem | J159: Free! | K159: =IF(Resources!$D$8="Any",1,IF(Resources!$D$8="",1,IF(ISERROR(SEARCH(Resources!$D$8,$G159)),"0",1))) -> 1 | L159: =IF(Resources!$D$9="Any",1,IF(Resources!$D$9="",1,IF($J159=Resources!$D$9,1,"0"))) -> 1 | M159: =IF(Resources!$G$8="Any",1,IF(Resources!$G$8="",1,IF(ISERROR(SEARCH(Resources!$G$8,$H159)),"0",1))) -> 1 | N159: =IF(Resources!$G$9="Any",1,IF(Resources!$G$9="",1,IF(ISERROR(SEARCH(Resources!$G$9,$H159)),"0",1))) -> 1 | O159: =IF(Resources!$G$9="Any",1,IF(Resources!$J$8="",1,IF(ISERROR(SEARCH(Resources!$G$9,INDEX(Validation!$I$2:$I$71,MATCH(Resources!$J$8,Validation!$J$2:$J$71,0)))),1,IF(ISERROR(SEARCH(Resources!$J$8,$I159)),"0",1)))) -> 1 | P159: =IF(AND(K159=1,L159=1,M159=1,N159=1,O159=1),1,"0") -> 1
A160: =IF(P160="0",0,MAX(Data!$A$3:A159)+1) -> 158 | B160: Young Minds | C160: Young Minds - Bullying | D160: https://youngminds.org.uk/find-help/feelings-and-symptoms/bullying/ | E160: Advice about Bullying: what constitutes bullying; how it can affect you, and how/where to get help | F160: Article | G160: KS3; KS4; KS5 | H160: Knowledge | I160: Mental and emotional wellbeing; Staying Safe | J160: Free! | K160: =IF(Resources!$D$8="Any",1,IF(Resources!$D$8="",1,IF(ISERROR(SEARCH(Resources!$D$8,$G160)),"0",1))) -> 1 | L160: =IF(Resources!$D$9="Any",1,IF(Resources!$D$9="",1,IF($J160=Resources!$D$9,1,"0"))) -> 1 | M160: =IF(Resources!$G$8="Any",1,IF(Resources!$G$8="",1,IF(ISERROR(SEARCH(Resources!$G$8,$H160)),"0",1))) -> 1 | N160: =IF(Resources!$G$9="Any",1,IF(Resources!$G$9="",1,IF(ISERROR(SEARCH(Resources!$G$9,$H160)),"0",1))) -> 1 | O160: =IF(Resources!$G$9="Any",1,IF(Resources!$J$8="",1,IF(ISERROR(SEARCH(Resources!$G$9,INDEX(Validation!$I$2:$I$71,MATCH(Resources!$J$8,Validation!$J$2:$J$71,0)))),1,IF(ISERROR(SEARCH(Resources!$J$8,$I160)),"0",1)))) -> 1 | P160: =IF(AND(K160=1,L160=1,M160=1,N160=1,O160=1),1,"0") -> 1
A161: =IF(P161="0",0,MAX(Data!$A$3:A160)+1) -> 159 | B161: Young Minds | C161: Young Minds - Grief and Loss | D161: https://youngminds.org.uk/find-help/feelings-and-symptoms/grief-and-loss/ | E161: Advice about grief and loss: what grieving means, how it might feel, some ways to work through it, and where you can find support if you need it | F161: Article | G161: KS3; KS4; KS5 | H161: Wellbeing | I161: Mental and emotional wellbeing | J161: Free! | K161: =IF(Resources!$D$8="Any",1,IF(Resources!$D$8="",1,IF(ISERROR(SEARCH(Resources!$D$8,$G161)),"0",1))) -> 1 | L161: =IF(Resources!$D$9="Any",1,IF(Resources!$D$9="",1,IF($J161=Resources!$D$9,1,"0"))) -> 1 | M161: =IF(Resources!$G$8="Any",1,IF(Resources!$G$8="",1,IF(ISERROR(SEARCH(Resources!$G$8,$H161)),"0",1))) -> 1 | N161: =IF(Resources!$G$9="Any",1,IF(Resources!$G$9="",1,IF(ISERROR(SEARCH(Resources!$G$9,$H161)),"0",1))) -> 1 | O161: =IF(Resources!$G$9="Any",1,IF(Resources!$J$8="",1,IF(ISERROR(SEARCH(Resources!$G$9,INDEX(Validation!$I$2:$I$71,MATCH(Resources!$J$8,Validation!$J$2:$J$71,0)))),1,IF(ISERROR(SEARCH(Resources!$J$8,$I161)),"0",1)))) -> 1 | P161: =IF(AND(K161=1,L161=1,M161=1,N161=1,O161=1),1,"0") -> 1
A162: =IF(P162="0",0,MAX(Data!$A$3:A161)+1) -> 160 | B162: West Yorkshire Combined Authority | C162: Future Goals - Creative Careers | D162: https://futuregoals.co.uk/creative/ | E162: Information about creative careers: career options, key skills and subjects, which jobs are in demand, and more! | F162: Article; Video; Search Tool | G162: KS4; KS5 | H162: Career Option; Characteristic | I162: Get a Job; Creative arts, design and fashion; Marketing, media and PR; Ambition | J162: Free! | K162: =IF(Resources!$D$8="Any",1,IF(Resources!$D$8="",1,IF(ISERROR(SEARCH(Resources!$D$8,$G162)),"0",1))) -> 1 | L162: =IF(Resources!$D$9="Any",1,IF(Resources!$D$9="",1,IF($J162=Resources!$D$9,1,"0"))) -> 1 | M162: =IF(Resources!$G$8="Any",1,IF(Resources!$G$8="",1,IF(ISERROR(SEARCH(Resources!$G$8,$H162)),"0",1))) -> 1 | N162: =IF(Resources!$G$9="Any",1,IF(Resources!$G$9="",1,IF(ISERROR(SEARCH(Resources!$G$9,$H162)),"0",1))) -> 1 | O162: =IF(Resources!$G$9="Any",1,IF(Resources!$J$8="",1,IF(ISERROR(SEARCH(Resources!$G$9,INDEX(Validation!$I$2:$I$71,MATCH(Resources!$J$8,Validation!$J$2:$J$71,0)))),1,IF(ISERROR(SEARCH(Resources!$J$8,$I162)),"0",1)))) -> 1 | P162: =IF(AND(K162=1,L162=1,M162=1,N162=1,O162=1),1,"0") -> 1
A163: =IF(P163="0",0,MAX(Data!$A$3:A162)+1) -> 161 | B163: West Yorkshire Combined Authority | C163: Future Goals - Digital Careers | D163: https://futuregoals.co.uk/digital/ | E163: Information about careers in digital: career options, key skills and subjects, which jobs are in demand, and more! | F163: Article; Video; Search Tool | G163: KS4; KS5 | H163: Career option; Post-school destination; Characteristic | I163: Computing and Technology; Marketing, media and PR; Get a Job; Ambition | J163: Free! | K163: =IF(Resources!$D$8="Any",1,IF(Resources!$D$8="",1,IF(ISERROR(SEARCH(Resources!$D$8,$G163)),"0",1))) -> 1 | L163: =IF(Resources!$D$9="Any",1,IF(Resources!$D$9="",1,IF($J163=Resources!$D$9,1,"0"))) -> 1 | M163: =IF(Resources!$G$8="Any",1,IF(Resources!$G$8="",1,IF(ISERROR(SEARCH(Resources!$G$8,$H163)),"0",1))) -> 1 | N163: =IF(Resources!$G$9="Any",1,IF(Resources!$G$9="",1,IF(ISERROR(SEARCH(Resources!$G$9,$H163)),"0",1))) -> 1 | O163: =IF(Resources!$G$9="Any",1,IF(Resources!$J$8="",1,IF(ISERROR(SEARCH(Resources!$G$9,INDEX(Validation!$I$2:$I$71,MATCH(Resources!$J$8,Validation!$J$2:$J$71,0)))),1,IF(ISERROR(SEARCH(Resources!$J$8,$I163)),"0",1)))) -> 1 | P163: =IF(AND(K163=1,L163=1,M163=1,N163=1,O163=1),1,"0") -> 1
A164: =IF(P164="0",0,MAX(Data!$A$3:A163)+1) -> 162 | B164: West Yorkshire Combined Authority | C164: Future Goals - Health and Social Care Careers | D164: https://futuregoals.co.uk/health-and-social-care/ | E164: Information about careers in Health and Social Care: career options, key skills and subjects, which jobs are in demand, and more! | F164: Article; Video; Search Tool | G164: KS4; KS5 | H164: Post-school destination; Characteristic; Career Option | I164: Healthcare; Get a Job; Ambition; Social work and counselling; Science and pharmaceuticals | J164: Free! | K164: =IF(Resources!$D$8="Any",1,IF(Resources!$D$8="",1,IF(ISERROR(SEARCH(Resources!$D$8,$G164)),"0",1))) -> 1 | L164: =IF(Resources!$D$9="Any",1,IF(Resources!$D$9="",1,IF($J164=Resources!$D$9,1,"0"))) -> 1 | M164: =IF(Resources!$G$8="Any",1,IF(Resources!$G$8="",1,IF(ISERROR(SEARCH(Resources!$G$8,$H164)),"0",1))) -> 1 | N164: =IF(Resources!$G$9="Any",1,IF(Resources!$G$9="",1,IF(ISERROR(SEARCH(Resources!$G$9,$H164)),"0",1))) -> 1 | O164: =IF(Resources!$G$9="Any",1,IF(Resources!$J$8="",1,IF(ISERROR(SEARCH(Resources!$G$9,INDEX(Validation!$I$2:$I$71,MATCH(Resources!$J$8,Validation!$J$2:$J$71,0)))),1,IF(ISERROR(SEARCH(Resources!$J$8,$I164)),"0",1)))) -> 1 | P164: =IF(AND(K164=1,L164=1,M164=1,N164=1,O164=1),1,"0") -> 1
A165: =IF(P165="0",0,MAX(Data!$A$3:A164)+1) -> 163 | B165: West Yorkshire Combined Authority | C165: Future Goals - Construction Careers | D165: https://futuregoals.co.uk/construction/ | E165: Information about careers in Construction: career options, key skills and subjects, which jobs are in demand, and more! | F165: Article; Video; Search Tool | G165: KS4; KS5 | H165: Characteristic; Post-school destination | I165: Property, construction and architecture; Ambition; Get a Job | J165: Free! | K165: =IF(Resources!$D$8="Any",1,IF(Resources!$D$8="",1,IF(ISERROR(SEARCH(Resources!$D$8,$G165)),"0",1))) -> 1 | L165: =IF(Resources!$D$9="Any",1,IF(Resources!$D$9="",1,IF($J165=Resources!$D$9,1,"0"))) -> 1 | M165: =IF(Resources!$G$8="Any",1,IF(Resources!$G$8="",1,IF(ISERROR(SEARCH(Resources!$G$8,$H165)),"0",1))) -> 1 | N165: =IF(Resources!$G$9="Any",1,IF(Resources!$G$9="",1,IF(ISERROR(SEARCH(Resources!$G$9,$H165)),"0",1))) -> 1 | O165: =IF(Resources!$G$9="Any",1,IF(Resources!$J$8="",1,IF(ISERROR(SEARCH(Resources!$G$9,INDEX(Validation!$I$2:$I$71,MATCH(Resources!$J$8,Validation!$J$2:$J$71,0)))),1,IF(ISERROR(SEARCH(Resources!$J$8,$I165)),"0",1)))) -> 1 | P165: =IF(AND(K165=1,L165=1,M165=1,N165=1,O165=1),1,"0") -> 1
A166: =IF(P166="0",0,MAX(Data!$A$3:A165)+1) -> 164 | B166: West Yorkshire Combined Authority | C166: Future Goals - Manufacturing and Engineering Careers | D166: https://futuregoals.co.uk/manufacturing-and-engineering/ | E166: Information about careers in Manufacturing and Engineering: career options, key skills and subjects, which jobs are in demand, and more! | F166: Article; Video; Search Tool | G166: KS4; KS5 | H166: Post-school destination; Characteristic | I166: Engineering and manufacturing; Get a Job; Ambition | J166: Free! | K166: =IF(Resources!$D$8="Any",1,IF(Resources!$D$8="",1,IF(ISERROR(SEARCH(Resources!$D$8,$G166)),"0",1))) -> 1 | L166: =IF(Resources!$D$9="Any",1,IF(Resources!$D$9="",1,IF($J166=Resources!$D$9,1,"0"))) -> 1 | M166: =IF(Resources!$G$8="Any",1,IF(Resources!$G$8="",1,IF(ISERROR(SEARCH(Resources!$G$8,$H166)),"0",1))) -> 1 | N166: =IF(Resources!$G$9="Any",1,IF(Resources!$G$9="",1,IF(ISERROR(SEARCH(Resources!$G$9,$H166)),"0",1))) -> 1 | O166: =IF(Resources!$G$9="Any",1,IF(Resources!$J$8="",1,IF(ISERROR(SEARCH(Resources!$G$9,INDEX(Validation!$I$2:$I$71,MATCH(Resources!$J$8,Validation!$J$2:$J$71,0)))),1,IF(ISERROR(SEARCH(Resources!$J$8,$I166)),"0",1)))) -> 1 | P166: =IF(AND(K166=1,L166=1,M166=1,N166=1,O166=1),1,"0") -> 1
A167: =IF(P167="0",0,MAX(Data!$A$3:A166)+1) -> 165 | B167: West Yorkshire Combined Authority | C167: Future Goals - Financial and Professional Services Careers | D167: https://futuregoals.co.uk/financial-and-professional-services/ | E167: Information about careers in Financial and Professional Services: career options, key skills and subjects, which jobs are in demand, and more! | F167: Article; Video; Search Tool | G167: KS4; KS5 | H167: Post-school destination; Characteristic | I167: Finance and business; Get a Job; Ambition | J167: Free! | K167: =IF(Resources!$D$8="Any",1,IF(Resources!$D$8="",1,IF(ISERROR(SEARCH(Resources!$D$8,$G167)),"0",1))) -> 1 | L167: =IF(Resources!$D$9="Any",1,IF(Resources!$D$9="",1,IF($J167=Resources!$D$9,1,"0"))) -> 1 | M167: =IF(Resources!$G$8="Any",1,IF(Resources!$G$8="",1,IF(ISERROR(SEARCH(Resources!$G$8,$H167)),"0",1))) -> 1 | N167: =IF(Resources!$G$9="Any",1,IF(Resources!$G$9="",1,IF(ISERROR(SEARCH(Resources!$G$9,$H167)),"0",1))) -> 1 | O167: =IF(Resources!$G$9="Any",1,IF(Resources!$J$8="",1,IF(ISERROR(SEARCH(Resources!$G$9,INDEX(Validation!$I$2:$I$71,MATCH(Resources!$J$8,Validation!$J$2:$J$71,0)))),1,IF(ISERROR(SEARCH(Resources!$J$8,$I167)),"0",1)))) -> 1 | P167: =IF(AND(K167=1,L167=1,M167=1,N167=1,O167=1),1,"0") -> 1
A168: =IF(P168="0",0,MAX(Data!$A$3:A167)+1) -> 166 | B168: Young Enterprise | C168: Your Money Matters | D168: https://www.young-enterprise.org.uk/resources/your-money-matters-financial-education-textbook/ | E168: Online textbook which will teach you everything you need to know about managing your personal finances, from saving & borrowing to security & fraud | F168: Other | G168: KS4; KS5 | H168: Knowledge | I168: Managing your finances | J168: Free! | K168: =IF(Resources!$D$8="Any",1,IF(Resources!$D$8="",1,IF(ISERROR(SEARCH(Resources!$D$8,$G168)),"0",1))) -> 1 | L168: =IF(Resources!$D$9="Any",1,IF(Resources!$D$9="",1,IF($J168=Resources!$D$9,1,"0"))) -> 1 | M168: =IF(Resources!$G$8="Any",1,IF(Resources!$G$8="",1,IF(ISERROR(SEARCH(Resources!$G$8,$H168)),"0",1))) -> 1 | N168: =IF(Resources!$G$9="Any",1,IF(Resources!$G$9="",1,IF(ISERROR(SEARCH(Resources!$G$9,$H168)),"0",1))) -> 1 | O168: =IF(Resources!$G$9="Any",1,IF(Resources!$J$8="",1,IF(ISERROR(SEARCH(Resources!$G$9,INDEX(Validation!$I$2:$I$71,MATCH(Resources!$J$8,Validation!$J$2:$J$71,0)))),1,IF(ISERROR(SEARCH(Resources!$J$8,$I168)),"0",1)))) -> 1 | P168: =IF(AND(K168=1,L168=1,M168=1,N168=1,O168=1),1,"0") -> 1
A169: =IF(P169="0",0,MAX(Data!$A$3:A168)+1) -> 167 | B169: The Education Hub Group Limited | C169: Springpod | D169: https://www.springpod.co.uk/ | E169: Springpod work with industry partners to offer virtual work experience placements as well as listings for apprenticeship opportunities | F169: Article; Search Tool | G169: KS4; KS5 | H169: Post-school destination; Skill | I169: Apprenticeship; Get A Job; Work experience | J169: Free! | K169: =IF(Resources!$D$8="Any",1,IF(Resources!$D$8="",1,IF(ISERROR(SEARCH(Resources!$D$8,$G169)),"0",1))) -> 1 | L169: =IF(Resources!$D$9="Any",1,IF(Resources!$D$9="",1,IF($J169=Resources!$D$9,1,"0"))) -> 1 | M169: =IF(Resources!$G$8="Any",1,IF(Resources!$G$8="",1,IF(ISERROR(SEARCH(Resources!$G$8,$H169)),"0",1))) -> 1 | N169: =IF(Resources!$G$9="Any",1,IF(Resources!$G$9="",1,IF(ISERROR(SEARCH(Resources!$G$9,$H169)),"0",1))) -> 1 | O169: =IF(Resources!$G$9="Any",1,IF(Resources!$J$8="",1,IF(ISERROR(SEARCH(Resources!$G$9,INDEX(Validation!$I$2:$I$71,MATCH(Resources!$J$8,Validation!$J$2:$J$71,0)))),1,IF(ISERROR(SEARCH(Resources!$J$8,$I169)),"0",1)))) -> 1 | P169: =IF(AND(K169=1,L169=1,M169=1,N169=1,O169=1),1,"0") -> 1
... A172: =IF(P172="0",0,MAX(Data!$A$3:A171)+1) -> 170 | B172: The Education Hub Group Limited | C172: Springpod - Online Open Days | D172: https://www.onlineopendays.com/ | E172: Learn about schools, colleges and universities, and attend virtual open days to get a feel for what they're really like | F172: Article; Search Tool; Video | G172: KS4; KS5 | H172: Post-school destination | I172: University; College (Full Time); College (Part Time) | J172: Free! | K172: =IF(Resources!$D$8="Any",1,IF(Resources!$D$8="",1,IF(ISERROR(SEARCH(Resources!$D$8,$G172)),"0",1))) -> 1 | L172: =IF(Resources!$D$9="Any",1,IF(Resources!$D$9="",1,IF($J172=Resources!$D$9,1,"0"))) -> 1 | M172: =IF(Resources!$G$8="Any",1,IF(Resources!$G$8="",1,IF(ISERROR(SEARCH(Resources!$G$8,$H172)),"0",1))) -> 1 | N172: =IF(Resources!$G$9="Any",1,IF(Resources!$G$9="",1,IF(ISERROR(SEARCH(Resources!$G$9,$H172)),"0",1))) -> 1 | O172: =IF(Resources!$G$9="Any",1,IF(Resources!$J$8="",1,IF(ISERROR(SEARCH(Resources!$G$9,INDEX(Validation!$I$2:$I$71,MATCH(Resources!$J$8,Validation!$J$2:$J$71,0)))),1,IF(ISERROR(SEARCH(Resources!$J$8,$I172)),"0",1)))) -> 1 | P172: =IF(AND(K172=1,L172=1,M172=1,N172=1,O172=1),1,"0") -> 1

Sheet Validation
A1: Key Stages | C1: Resource Type | E1: Cost | G1: Development Area | I1: Focus Area Type | J1: Focus Area Name | O1: Any
A2: Any | C2: Any | E2: Any | G2: Any | I2: Career option | J2: Animal care | K2: =IF(Resources!$G$9=$I2,1,0) -> 0 | N2: 1 | O2: =IFERROR(INDEX($J$2:$J$71,MATCH(N2,$K$2:$K$71,0)),"")
A3: KS2 | C3: Article | E3: Free! | G3: Career option | I3: Career option | J3: Charity and voluntary work | K3: =IF(Resources!$G$9=Validation!$I3,MAX(Validation!$K$2:K2)+1,0) -> 0 | N3: 2 | O3: =IFERROR(INDEX($J$2:$J$71,MATCH(N3,$K$2:$K$71,0)),"")
A4: KS3 | C4: Audio | E4: Free (Premium Option) | G4: Characteristic | I4: Career option | J4: Computing and Technology | K4: =IF(Resources!$G$9=Validation!$I4,MAX(Validation!$K$2:K3)+1,0) -> 0 | N4: 3 | O4: =IFERROR(INDEX($J$2:$J$71,MATCH(N4,$K$2:$K$71,0)),"")
A5: KS4 | C5: Community | E5: Free Trial | G5: Knowledge | I5: Career option | J5: Creative arts, design and fashion | K5: =IF(Resources!$G$9=Validation!$I5,MAX(Validation!$K$2:K4)+1,0) -> 0 | N5: 4 | O5: =IFERROR(INDEX($J$2:$J$71,MATCH(N5,$K$2:$K$71,0)),"")
A6: KS5 | C6: Game/Quiz | E6: One-off Payment | G6: Post-school destination | I6: Career option | J6: Engineering and manufacturing | K6: =IF(Resources!$G$9=Validation!$I6,MAX(Validation!$K$2:K5)+1,0) -> 0 | N6: 5 | O6: =IFERROR(INDEX($J$2:$J$71,MATCH(N6,$K$2:$K$71,0)),"")
C7: Lots! | E7: Subscription | G7: Skill | I7: Career option | J7: Environment and agriculture | K7: =IF(Resources!$G$9=Validation!$I7,MAX(Validation!$K$2:K6)+1,0) -> 0 | N7: 6 | O7: =IFERROR(INDEX($J$2:$J$71,MATCH(N7,$K$2:$K$71,0)),"")
C8: Online Course | G8: Wellbeing | I8: Career option | J8: Finance and business | K8: =IF(Resources!$G$9=Validation!$I8,MAX(Validation!$K$2:K7)+1,0) -> 0 | N8: 7 | O8: =IFERROR(INDEX($J$2:$J$71,MATCH(N8,$K$2:$K$71,0)),"")
C9: Other | I9: Career option | J9: Hair and beauty | K9: =IF(Resources!$G$9=Validation!$I9,MAX(Validation!$K$2:K8)+1,0) -> 0 | N9: 8 | O9: =IFERROR(INDEX($J$2:$J$71,MATCH(N9,$K$2:$K$71,0)),"")
C10: Search Tool | I10: Career option | J10: Healthcare | K10: =IF(Resources!$G$9=Validation!$I10,MAX(Validation!$K$2:K9)+1,0) -> 0 | N10: 9 | O10: =IFERROR(INDEX($J$2:$J$71,MATCH(N10,$K$2:$K$71,0)),"")
C11: Video | I11: Career option | J11: Hospitality, catering and events management | K11: =IF(Resources!$G$9=Validation!$I11,MAX(Validation!$K$2:K10)+1,0) -> 0 | N11: 10 | O11: =IFERROR(INDEX($J$2:$J$71,MATCH(N11,$K$2:$K$71,0)),"")
I12: Career option | J12: Law practice | K12: =IF(Resources!$G$9=Validation!$I12,MAX(Validation!$K$2:K11)+1,0) -> 0 | N12: 11 | O12: =IFERROR(INDEX($J$2:$J$71,MATCH(N12,$K$2:$K$71,0)),"")
I13: Career option | J13: Leisure and tourism | K13: =IF(Resources!$G$9=Validation!$I13,MAX(Validation!$K$2:K12)+1,0) -> 0 | N13: 12 | O13: =IFERROR(INDEX($J$2:$J$71,MATCH(N13,$K$2:$K$71,0)),"")
I14: Career option | J14: Marketing, media and PR | K14: =IF(Resources!$G$9=Validation!$I14,MAX(Validation!$K$2:K13)+1,0) -> 0 | N14: 13 | O14: =IFERROR(INDEX($J$2:$J$71,MATCH(N14,$K$2:$K$71,0)),"")
I15: Career option | J15: Music and performing arts | K15: =IF(Resources!$G$9=Validation!$I15,MAX(Validation!$K$2:K14)+1,0) -> 0 | N15: 14 | O15: =IFERROR(INDEX($J$2:$J$71,MATCH(N15,$K$2:$K$71,0)),"")
I16: Career option | J16: Police, military, security and rescue services | K16: =IF(Resources!$G$9=Validation!$I16,MAX(Validation!$K$2:K15)+1,0) -> 0 | N16: 15 | O16: =IFERROR(INDEX($J$2:$J$71,MATCH(N16,$K$2:$K$71,0)),"")
I17: Career option | J17: Politics and public service | K17: =IF(Resources!$G$9=Validation!$I17,MAX(Validation!$K$2:K16)+1,0) -> 0 | N17: 16 | O17: =IFERROR(INDEX($J$2:$J$71,MATCH(N17,$K$2:$K$71,0)),"")
I18: Career option | J18: Property, construction and architecture | K18: =IF(Resources!$G$9=Validation!$I18,MAX(Validation!$K$2:K17)+1,0) -> 0 | N18: 17 | O18: =IFERROR(INDEX($J$2:$J$71,MATCH(N18,$K$2:$K$71,0)),"")
I19: Career option | J19: Retail and customer services | K19: =IF(Resources!$G$9=Validation!$I19,MAX(Validation!$K$2:K18)+1,0) -> 0 | N19: 18 | O19: =IFERROR(INDEX($J$2:$J$71,MATCH(N19,$K$2:$K$71,0)),"")
I20: Career option | J20: Science and pharmaceuticals | K20: =IF(Resources!$G$9=Validation!$I20,MAX(Validation!$K$2:K19)+1,0) -> 0 | N20: 19 | O20: =IFERROR(INDEX($J$2:$J$71,MATCH(N20,$K$2:$K$71,0)),"")
I21: Career option | J21: Social work and counselling | K21: =IF(Resources!$G$9=Validation!$I21,MAX(Validation!$K$2:K20)+1,0) -> 0 | N21: 20 | O21: =IFERROR(INDEX($J$2:$J$71,MATCH(N21,$K$2:$K$71,0)),"")
I22: Career option | J22: Sport, health and fitness | K22: =IF(Resources!$G$9=Validation!$I22,MAX(Validation!$K$2:K21)+1,0) -> 0 | N22: 21 | O22: =IFERROR(INDEX($J$2:$J$71,MATCH(N22,$K$2:$K$71,0)),"")
I23: Career option | J23: Teaching and education | K23: =IF(Resources!$G$9=Validation!$I23,MAX(Validation!$K$2:K22)+1,0) -> 0 | N23: 22 | O23: =IFERROR(INDEX($J$2:$J$71,MATCH(N23,$K$2:$K$71,0)),"")
I24: Characteristic | J24: Ambition | K24: =IF(Resources!$G$9=Validation!$I24,MAX(Validation!$K$2:K23)+1,0) -> 0
I25: Characteristic | J25: Assertiveness | K25: =IF(Resources!$G$9=Validation!$I25,MAX(Validation!$K$2:K24)+1,0) -> 0
I26: Characteristic | J26: Persistence | K26: =IF(Resources!$G$9=Validation!$I26,MAX(Validation!$K$2:K25)+1,0) -> 0
I27: Characteristic | J27: Organisation | K27: =IF(Resources!$G$9=Validation!$I27,MAX(Validation!$K$2:K26)+1,0) -> 0
I28: Characteristic | J28: Kindness and compassion | K28: =IF(Resources!$G$9=Validation!$I28,MAX(Validation!$K$2:K27)+1,0) -> 0
I29: Characteristic | J29: Patience | K29: =IF(Resources!$G$9=Validation!$I29,MAX(Validation!$K$2:K28)+1,0) -> 0
I30: Characteristic | J30: Openness and tolerance | K30: =IF(Resources!$G$9=Validation!$I30,MAX(Validation!$K$2:K29)+1,0) -> 0
I31: Characteristic | J31: Respectfulness and manners | K31: =IF(Resources!$G$9=Validation!$I31,MAX(Validation!$K$2:K30)+1,0) -> 0
I32: Characteristic | J32: Honesty | K32: =IF(Resources!$G$9=Validation!$I32,MAX(Validation!$K$2:K31)+1,0) -> 0
I33: Characteristic | J33: Self-awareness | K33: =IF(Resources!$G$9=Validation!$I33,MAX(Validation!$K$2:K32)+1,0) -> 0
I34: Characteristic | J34: Calmness | K34: =IF(Resources!$G$9=Validation!$I34,MAX(Validation!$K$2:K33)+1,0) -> 0
I35: Characteristic | J35: Getting on with others | K35: =IF(Resources!$G$9=Validation!$I35,MAX(Validation!$K$2:K34)+1,0) -> 0
... I71: Wellbeing | J71: Someone to talk to | K71: =IF(Resources!$G$9=Validation!$I71,MAX(Validation!$K$2:K70)+1,0) -> 0

Sheet Development Areas
B1: Development Areas and Topics
B2: These are the Aspirations 'focus areas'. For more information on which are proving most popular with students, visit our blog
B5: Development Area | C5: Topic
B6: Career option | C6: Animal care
C7: Charity and voluntary work
C8: Computing and Technology
C9: Creative arts, design and fashion
C10: Engineering and manufacturing
C11: Environment and agriculture
C12: Finance and business
C13: Hair and beauty
C14: Healthcare
C15: Hospitality, catering and events management
C16: Law practice
C17: Leisure and tourism
C18: Marketing, media and PR
... C27: Teaching and education
B28: Characteristic | C28: Ambition
C29: Assertiveness
C30: Persistence
C31: Organisation
C32: Kindness and compassion
C33: Patience
C34: Openness and tolerance
C35: Respectfulness and manners
C36: Honesty
C37: Self-awareness
C38: Calmness
C39: Getting on with others
B40: Knowledge | C40: The environment
C41: Current affairs
C42: British Politics, Society and Values
C43: Managing your finances
C44: Mental and emotional wellbeing
C45: Staying healthy: Lifestyle, diet, and assessing risks
C46: Media Literacy and critical thinking
C47: Staying safe
C48: Digital life
C49: Different cultures, beliefs and opinions
B50: Post-school destination | C50: Gap Year
C51: University
C52: College (Full Time)
C53: College (Part Time)
C54: Apprenticeship
C55: Get A Job
C56: Start A Company
C57: No Idea!
B58: Skill | C58: Self-development
C59: Academic
C60: Creativity
C61: Problem solving
C62: Comprehension
C63: Resilience
C64: Communication
C65: Teamwork
C66: Leadership
C67: Extra-curricular pursuits
C68: Work experience
C69: Sports and fitness
B70: Wellbeing | C70: Nutrition
C71: Rest
C72: Cleanliness
C73: Staying Safe
C74: Self-Esteem
C75: Someone to talk to
